Cogmind - Beta 17.1 @@@ ROGUE MODE // 2026.09.16 @ 21:05:42 Player: Alicianrone Result: Destroyed by B-74 Champion with Powered Hammer Performance ------------- Evolutions (8) 4000 Regions Visited (34) 6800 Robots Destroyed (1541) 7705 Value Destroyed (87165) 87165 Prototype IDs (120) 2400 Alien Tech Used (6) 1200 Bonus (71440) 71440 TOTAL SCORE: 180710 Bonus ------- Triggered High Security 3500 High Alert Combat Kills 60883 Follower Combat Kills 3906 Hunted by Unchained 1500 Destroyed Unchained 2000 Awakened Behemoth Slayer 1000 Entered Garrisons 600 Used RIF Installer 1500 Network Hubs Disabled 400 Delivered SUBCON Basin 2000 Destroyed Z-Imprinter 1000 Triggered Deep Caves Wall 500 Exposed GOLEM Chamber 500 Met Zhirov 300 Built Enhanced Grunts 300 Met R17 at Cetus 500 Hacked Protovariant 500 Met R17 at Research 2000 Scanned by Researcher 500 Friendly Fire -11949 Cogmind --------- Core Integrity 0/1450 Matter 300/300 Energy 98/100 System Corruption 41% Temperature Cool (0) Movement Treading (112) Location -2/Testing Parts ------- > --- POWER (3) -------- (None) > --- PROPULSION (5) --- Treaded Combat-Gravjet Exoskeleton > --- UTILITY (11) ----- Scrap Engine High-capacity Storage Unit Experimental Core Analyzer > --- WEAPON (4) ------- Impact Mace > --- INVENTORY (20) --- Medium Treads Experimental Cooling System Experimental Coolant Injector Huge Storage Unit V4-D3R's Forcewell (750) Advanced Matter Compressor (400) Deep Structural Scanner Advanced Trap Scanner Long-range Sensor Array Quantum Capacitor Advanced Transmission Jammer Subatomic Replicator Advanced Remote Datajack Multitool Segregator Peak State ------------ > --- POWER ------------ Quantum-Graviton Reactor > --- PROPULSION ------- Treaded Combat-Gravjet Exoskeleton > --- UTILITY ---------- Armored Scrap Engine Huge Storage Unit Experimental Optical Array Experimental Sensor Array Advanced Signal Interpreter Experimental Targeting Computer Experimental Weapon Shielding Experimental Focal Shield Thermal Barrier Experimental Hacking Suite > --- WEAPON ----------- Hpw. Ballistic Graviton Construct/C Sigix Broadsword > --- INVENTORY -------- Experimental Coolant Injector High-capacity Storage Unit V4-D3R's Forcewell Advanced Matter Compressor Deep Structural Scanner Experimental Core Analyzer Quantum Capacitor Improved Weapon Shielding Powered Armor Powered Armor Experimental EM Shield Advanced Force Field Hacking Suite Advanced System Shield Relay Coupler [NC] Relay Coupler [Proto] Improved System Restoration Module Dimensional Node Initializer Transdimensional Reconstructor Subatomic Replicator Electrostorm Shotgun Latent Energy Streamer Advanced Remote Datajack Multitool [Rating: 209] Favorites ----------- Power Constructs Engine Ion Engine Power Core Light Nuclear Core Reactor Constructs Propulsion Constructs Treads Constructs Leg Enhanced Biometal Leg Wheel Compact Wheel Hover Unit Improved Antigrav System Flight Unit Cooled Nuclear Pulse Thruster Utility Armored Scrap Engine Device Armored Scrap Engine Storage Huge Storage Unit Processor Advanced Signal Interpreter Hackware Experimental Hacking Suite Protection Experimental Weapon Shielding Artifact Phase Armor Weapon Constructs Energy Gun Constructs Energy Cannon Improved EM Pulse Cannon Ballistic Gun Subdweller Machine Gun Ballistic Cannon Constructs Launcher Missile Launcher Special Weapon Improved Remote Datajack Impact Weapon Heavy Flail Slashing Weapon V4-D3R's Sabre Piercing Weapon Plasma Lance Special Melee Weapon Improved Datajack Build | -11 -10 -10 -9 -7 -7 -7 -7 -7 -7 -7 -6 -6 -6 -6 -6 -6 -6 -5 -5 -5 -5 -4 -4 -4 -4 -4 -4 -4 -4 -4 -3 -3 -2 -2 ------- Run | Yrd Mat Sub Rec Fac Was Fac Low Low Zio Dee Pro Fac Was Fac Gar Fac Gar Fac Upp Upp Zhi Pro Fac Was Fac Ext Cet Arc Hub Gar Res Qua Res Tes Slots Evolved 16 | . . . . 6 . . . . . . . 2 . . . . . 2 . . . . 2 . . . . . . . 2 . 2 . Power 2 | . . . . . . . . . . . . . . . . . . 1 . . . . . . . . . . . . 1 . . . Propulsion 3 | . . . . 2 . . . . . . . . . . . . . . . . . . 1 . . . . . . . . . . . Utility 9 | . . . . 3 . . . . . . . 2 . . . . . 1 . . . . 1 . . . . . . . 1 . 1 . Weapon 2 | . . . . 1 . . . . . . . . . . . . . . . . . . . . . . . . . . . . 1 . Parts Attached 357 | 7 11 16 5 10 2 6 4 3 12 14 2 12 8 18 3 11 7 38 6 2 4 1 13 4 39 2 3 5 13 6 17 4 36 13 Power 12 | 1 2 2 . . . . . . . . . . . . . . . 1 2 . . . . . . . . . . . 2 1 . 1 Engine 4 | 1 1 2 . . . . . . . . . . . . . . . . . . . . . . . . . . . . . . . . Core 3 | . 1 . . . . . . . . . . . . . . . . . 2 . . . . . . . . . . . . . . . Reactor 5 | . . . . . . . . . . . . . . . . . . 1 . . . . . . . . . . . . 2 1 . 1 Propulsion 15 | 2 2 2 2 . . . . . . . . . . . . . . . . . . . 2 . 1 . . 1 . 1 . . 2 . Treads 5 | . 2 1 1 . . . . . . . . . . . . . . . . . . . . . . . . 1 . . . . . . Leg 2 | . . . . . . . . . . . . . . . . . . . . . . . . . . . . . . 1 . . 1 . Wheel 4 | 2 . 1 1 . . . . . . . . . . . . . . . . . . . . . . . . . . . . . . . Hover 2 | . . . . . . . . . . . . . . . . . . . . . . . . . 1 . . . . . . . 1 . Flight 2 | . . . . . . . . . . . . . . . . . . . . . . . 2 . . . . . . . . . . . Utility 237 | 2 3 3 1 7 2 3 2 1 10 10 2 9 3 14 1 7 3 27 4 1 3 1 8 4 31 2 2 3 11 5 15 3 26 8 Device 102 | 1 . 1 1 2 1 2 1 1 5 3 1 2 . 4 1 3 . 13 1 1 1 1 3 3 12 . 1 2 5 2 11 1 13 3 Storage 15 | 1 2 1 . 1 1 . . . . 1 . 1 1 . . 1 . 1 . . . . . . 2 . . . 1 . . . 1 . Processor 26 | . . . . 1 . . . . 3 . 1 1 . 1 . 1 1 3 . . . . . . 6 . . . 1 2 1 . 4 . Hackware 36 | . 1 . . 2 . 1 . . . . . 3 2 6 . 2 . . . . . . 4 . 5 . . 1 . . 2 . 4 3 Protection 56 | . . 1 . 1 . . 1 . 2 6 . 2 . 3 . . 2 10 3 . 2 . 1 1 6 2 1 . 4 1 1 . 4 2 Artifact 2 | . . . . . . . . . . . . . . . . . . . . . . . . . . . . . . . . 2 . . Weapon 93 | 2 4 9 2 3 . 3 2 2 2 4 . 3 5 4 2 4 4 10 . 1 1 . 3 . 7 . 1 1 2 . . . 8 4 Energy Gun 17 | 1 1 2 . . . 2 1 1 . 2 . 1 1 1 1 1 . . . . . . . . . . . . . . . . 2 . Energy Cannon 10 | . . . . . . . . . 2 1 . 1 . 1 . . . . . . 1 . 1 . 2 . . . . . . . 1 . Ballistic Gun 15 | 1 . 3 2 1 . . . 1 . . . . . . . . 1 3 . . . . . . . . 1 1 . . . . . 1 Ballistic Cannon 9 | . 1 2 . . . . . . . . . 1 2 . . . . . . . . . . . 1 . . . . . . . 1 1 Launcher 13 | . 1 1 . . . . 1 . . 1 . . 1 . 1 . 1 2 . 1 . . . . . . . . . . . . 2 1 Special Weapon 11 | . . 1 . . . . . . . . . . . . . . 1 3 . . . . 1 . 3 . . . 1 . . . 1 . Impact Weapon 5 | . . . . 1 . . . . . . . . . 1 . 2 . . . . . . . . . . . . . . . . . 1 Slashing Weapon 4 | . . . . 1 . . . . . . . . 1 . . . . . . . . . . . . . . . 1 . . . 1 . Piercing Weapon 5 | . . . . . . . . . . . . . . 1 . 1 . 2 . . . . . . 1 . . . . . . . . . Special Melee Weapon 4 | . 1 . . . . 1 . . . . . . . . . . 1 . . . . . 1 . . . . . . . . . . . Unidentified Prototypes 76 | . . . 1 1 1 2 . . 4 8 . 5 . 2 1 1 1 6 . . 3 . 2 1 7 . 3 . 5 1 5 3 9 4 Corrupted Parts 2 | . . . . . . . . . . . . . . . . . . . . . . . 1 . . . . . . . . . . 1 System Corruption 8 | . . . . . . . . . . . . . . . . . . . . . . . 3 . . . . . . . . . . 5 Parts Lost 94 | . 1 3 1 1 1 . 1 . 1 4 . 7 . . 2 1 . 16 . . . . 5 . 5 2 . . . 1 2 1 16 23 Power 12 | . 1 1 . . . . . . . 1 . . . . . . . 2 . . . . 1 . . . . . . . 1 1 . 4 Propulsion 8 | . . . 1 1 . . . . . . . 1 . . . . . . . . . . . . . 1 . . . . . . 2 2 Utility 50 | . . . . . . . . . . 2 . 4 . . 2 1 . 8 . . . . 2 . 4 1 . . . 1 1 . 12 12 Weapon 24 | . . 2 . . 1 . 1 . 1 1 . 2 . . . . . 6 . . . . 2 . 1 . . . . . . . 2 5 Highest Loss Streak 15 | . 1 1 1 1 1 . 1 . 1 4 . 2 . . 1 1 . 4 . . . . 2 . 2 1 . . . 1 1 1 9 15 To Critical Strikes 3 | . . . . . . . . . . . . . . . . . . . . . . . 1 . . 1 . . . . 1 . . . Average Backups 18 | 2 13 17 7 12 14 19 19 19 13 18 20 19 19 22 22 22 22 22 23 22 22 23 22 22 23 23 24 24 23 23 23 23 21 17 Power . | . 1 2 . . . . . . . . . . . . . . . . . . . . . . . . . . . . . . . . Propulsion . | 2 4 4 1 . . . . . . . . . . 1 1 1 1 . . . . . . . . . . . . . . . . . Utility 11 | . 1 3 2 6 9 11 12 12 9 15 16 15 12 14 13 16 14 15 15 15 14 15 14 15 16 16 16 16 17 18 17 16 15 12 Weapon 3 | . 3 6 2 2 3 6 6 5 3 3 3 3 4 5 5 3 3 4 5 5 4 4 4 4 4 4 4 4 2 2 2 2 1 1 Tool/Special . | . . . . . . . . . . . . . . . . . . . . . . . . . . . . . . . . . . . Unused Backups 88 | . . 4 14 4 . 1 . 3 3 . . 1 . 11 4 1 1 7 . . . . 1 1 1 1 2 1 2 5 . 2 4 14 Power 4 | . . 1 2 1 . . . . . . . . . . . . . . . . . . . . . . . . . . . . . . Propulsion 11 | . . 1 3 . . . . . . . . . . 2 . . . 1 . . . . . . . . . . . . . . . 4 Utility 48 | . . . 5 . . 1 . 2 3 . . 1 . 4 . 1 1 4 . . . . 1 1 1 1 2 1 1 5 . 2 3 8 Weapon 22 | . . 2 3 3 . . . . . . . . . 5 4 . . 2 . . . . . . . . . . 1 . . . 1 1 Tool/Special 3 | . . . 1 . . . . 1 . . . . . . . . . . . . . . . . . . . . . . . . . 1 Average Slot Usage (%) 65 | . 99 99 71 54 53 54 59 60 51 49 57 57 63 63 65 65 64 63 70 71 65 70 66 67 60 56 54 56 62 62 60 62 58 57 Engine 3 | . 10 14 12 4 7 7 5 . . 5 7 5 6 6 5 . . . . . . . . . . . . . . . . . . . Reactor 2 | . . . . . . . . . 6 . . . . . . 6 5 5 5 5 5 5 5 5 4 5 5 5 5 5 7 5 4 4 Treads 3 | . 1 14 8 1 1 1 . . . 5 . . . . 6 . . 5 5 1 . . 1 3 2 5 5 5 10 9 4 . . 2 Wheel 2 | . 26 13 10 . . . . . . . . . . . . . . . . . . . . . . . . . . . . . . . Flight 1 | . . . . 2 5 6 6 . . . . . 1 5 . 5 5 . . 3 5 5 6 . . . . . . . . 3 1 . Device 12 | . 13 7 8 14 13 12 14 14 14 7 9 11 8 11 12 18 11 17 16 17 11 12 11 10 10 13 10 10 18 14 13 16 13 13 Storage 6 | . 14 14 5 7 7 7 7 7 4 7 7 6 11 6 6 6 5 5 5 5 5 5 5 5 5 5 5 5 5 5 4 4 4 4 Processor 7 | . . . . 6 7 7 7 7 4 1 4 8 6 11 13 8 5 9 11 11 11 11 10 10 9 10 10 10 5 5 13 14 15 9 Hackware 2 | . . . . . . 2 . . . . . 5 11 7 . . . . . . . . 7 10 9 5 3 4 1 . 1 2 4 8 Protection 3 | . . 6 5 . . . . . . 5 7 4 . . 5 5 9 2 5 5 7 9 3 4 3 . 5 4 4 10 4 3 2 2 Energy Gun 1 | . 5 6 . . . . 2 2 . . . . 3 1 . . . . . . . . . . . . . . . . . . . . Energy Cannon 3 | . . . 3 5 7 7 6 6 5 5 7 4 . . 3 4 5 1 . . 1 5 4 5 3 5 5 5 5 5 4 . . 1 Ballistic Gun 2 | . 13 7 8 . . . . 2 . . 3 . 2 . . . 2 5 5 5 3 . . . . . 4 4 4 . . . . . Ballistic Cannon 3 | . 8 12 6 1 . . . . 2 5 . . 1 3 2 1 . . . . . . . . 1 . . . . . . 4 2 4 Peak Build Rating 209 | 7 11 29 33 65 66 71 69 71 78 79 83 97 109 109 111 109 113 134 129 132 130 132 144 135 159 155 152 151 158 159 172 181 209 207 Average Rating 97 | 5 8 13 24 53 61 65 66 68 73 70 80 86 97 100 104 104 104 116 122 130 126 127 134 126 133 146 145 149 150 157 159 167 189 192 On Entrance 102 | . 7 8 29 33 63 66 67 65 69 71 78 79 91 109 107 109 101 117 119 129 129 126 131 126 126 155 133 146 151 158 159 167 173 192 Avg Prop Armor Cover (%) 7 | . . 11 9 . . . . . . . . . . . . . . . . . . . . . . . . 5 4 3 3 . 10 . Naked Turns . | . . . . . . . . . . . . . . . . . . . . . . . . . . . . . . . . . . . Heaviest Build 185 | 13 91 96 96 52 63 69 73 78 81 79 66 110 106 123 126 129 130 146 136 147 153 153 168 141 132 125 129 129 131 142 137 125 185 182 Greatest Support 213 | 20 40 40 37 104 125 163 165 165 165 128 128 128 166 188 188 188 188 179 179 179 179 179 193 189 201 130 159 159 159 159 213 213 213 136 Greatest Overweight (x) 5 | . 4 5 5 1 . . . . . . . 1 1 . . . 1 1 . . . . 1 1 1 1 1 . . . . . 1 1 Average Overweight (x) . | . 1 4 1 . . . . . . . . . . . . . . . . . . . . . . . . . . . . . . . Largest Inventory Capacity 25 | 8 25 25 25 15 20 20 20 20 20 20 20 25 25 25 25 25 25 25 25 25 25 25 25 25 25 25 25 25 25 25 25 25 25 25 Average Capacity 21 | 7 18 25 13 15 15 20 20 20 14 20 20 20 21 25 25 25 25 25 25 25 25 25 25 25 25 25 25 25 25 25 25 25 24 22 Most Carried 25 | 4 18 25 25 15 15 20 20 20 20 20 20 21 25 25 25 25 25 25 25 25 25 25 25 25 25 25 25 25 25 25 25 25 25 24 Average Carried 20 | 2 13 19 8 12 14 19 19 19 13 19 19 19 20 24 24 24 24 24 24 24 24 25 24 24 24 24 24 24 24 24 24 24 23 19 Final Capacity 25 | 8 25 25 5 15 20 20 20 20 20 20 20 20 25 25 25 25 25 25 25 25 25 25 25 25 25 25 25 25 25 25 25 25 25 20 Final Carried 25 | 4 17 25 5 13 15 20 20 20 20 20 20 20 25 25 25 25 25 25 25 25 25 25 24 25 25 25 25 25 25 25 25 25 24 16 Scrap Engine Consumption 457 | . . . 42 41 4 12 3 8 13 20 . 26 10 37 18 12 5 34 2 5 2 . 17 12 22 6 4 1 5 2 9 18 59 8 Constructs Created 11 | . . . 3 1 . . . . . 1 . 1 1 . . . . 1 1 . . . 1 . . . . . . . . . 1 . Constructs Modified 190 | . . . 15 18 2 2 4 2 9 2 . 9 7 15 10 6 2 5 1 6 2 . 6 5 12 . 3 . . . 7 9 27 4 Class Distribution -------------------- 43% | Construct 15% | Mutant 9% | Bothacker-Construct 8% | Trapper-Construct 7% | Hacker-Construct 5% | Scavenger-Construct 4% | Commander-Construct 3% | Hacker-Mutant Dominant Class ---------------- Mutant | -10/Materials Mutant | -10/Subcaves Construct | -9/Recycling Construct | -7/Factory Construct | -7/Waste Construct | -7/Factory Trapper-Construct | -7/Lower Caves Trapper-Construct | -7/Lower Caves Trapper-Construct | -7/Zion Construct | -7/Deep Caves Construct | -6/Proximity Caves Construct | -6/Factory Hacker-Construct | -6/Waste Construct | -6/Factory Construct | -6/Garrison Construct | -6/Factory Construct | -6/Garrison Scavenger-Construct | -5/Factory Construct | -5/Upper Caves Construct | -5/Upper Caves Construct | -5/Zhirov Construct | -4/Proximity Caves Construct | -4/Factory Bothacker-Construct | -4/Waste Construct | -4/Factory Commander-Construct | -4/Extension Construct | -4/Cetus Commander-Construct | -4/Archives Scavenger-Construct | -4/Hub_04(d) Scavenger-Construct | -4/Garrison Bothacker-Construct | -3/Research Bothacker-Construct | -3/Quarantine Hacker-Construct | -2/Research Construct | -2/Testing Resources | -11 -10 -10 -9 -7 -7 -7 -7 -7 -7 -7 -6 -6 -6 -6 -6 -6 -6 -5 -5 -5 -5 -4 -4 -4 -4 -4 -4 -4 -4 -4 -3 -3 -2 -2 ----------- Run | Yrd Mat Sub Rec Fac Was Fac Low Low Zio Dee Pro Fac Was Fac Gar Fac Gar Fac Upp Upp Zhi Pro Fac Was Fac Ext Cet Arc Hub Gar Res Qua Res Tes Matter Collected 30905 | 224 726 1113 481 322 131 634 679 672 3472 426 40 344 185 469 420 163 184 2078 214 180 157 103 480 165 2270 498 209 112 642 579 1650 1372 2783 6728 Remotely . | . . . . . . . . . . . . . . . . . . . . . . . . . . . . . . . . . . . Salvage Created 101811 | 51 711 504 1132 930 1504 1274 477 632 2829 1357 . 1467 339 1556 1412 1422 2481 7944 910 1409 537 551 3356 118 6104 3491 805 464 3405 2736 12746 12928 14445 9784 Parts 3808 | 9 53 40 70 48 12 44 16 33 172 40 . 74 6 44 92 53 110 208 39 55 7 27 168 13 287 152 39 30 174 118 443 286 631 215 Haulers Intercepted 48 | . 2 . . 5 . 6 . . . . . 5 . 7 . 6 . 2 . . . . 3 . 5 . . . 2 . . . 5 . Recyclers Shooed 10 | . 1 . 2 1 . . . . . . . . . 1 . . . 1 . . . . 2 . 1 . . . . . . . . 1 Parts Field Recycled 71 | . . . . . . . . . 71 . . . . . . . . . . . . . . . . . . . . . . . . . Retrieved Matter 608 | . . . . . . . . . 608 . . . . . . . . . . . . . . . . . . . . . . . . . Parts Self-Destructed 190 | . . 19 . . . . 22 22 5 . . . . . . . . . 42 53 . 27 . . . . . . . . . . . . Prevented 9 | . . . . . . . 7 1 . . . . . . . . . . 1 . . . . . . . . . . . . . . . Parts Restored . | . . . . . . . . . . . . . . . . . . . . . . . . . . . . . . . . . . . Kills | -11 -10 -10 -9 -7 -7 -7 -7 -7 -7 -7 -6 -6 -6 -6 -6 -6 -6 -5 -5 -5 -5 -4 -4 -4 -4 -4 -4 -4 -4 -4 -3 -3 -2 -2 ------- Run | Yrd Mat Sub Rec Fac Was Fac Low Low Zio Dee Pro Fac Was Fac Gar Fac Gar Fac Upp Upp Zhi Pro Fac Was Fac Ext Cet Arc Hub Gar Res Qua Res Tes Combat Hostiles Destroyed 1209 | . 14 16 4 11 6 12 13 10 11 43 . 15 1 11 35 14 49 141 12 21 . 7 38 . 56 40 8 3 28 40 131 149 146 124 Melee 18 | . . . . . . . . . . . . . . . . 3 . 3 . . . . 5 . 1 . . . . . . . 2 4 Guns 111 | . 7 3 1 . . . . 1 . . . . 1 1 . 1 . 56 11 18 . . . . . . . . . . . . 11 . Cannons 916 | . 1 3 3 10 3 9 4 9 8 13 . 15 . 5 26 5 40 48 . . . 7 25 . 52 40 8 3 28 37 129 145 129 111 AOE 137 | . 6 10 . 1 . 1 7 . 3 30 . . . . 9 4 9 34 . 2 . . 6 . 1 . . . . 3 1 2 3 5 Classes Destroyed 43 | 1 8 3 3 3 2 1 1 1 5 4 . 1 . . 2 . 2 2 . . . . . . 1 . . . . . 3 . . . Worker 22 | . 1 . . 2 . 2 . . . . . 1 . . . . . 1 . . . . 2 . 5 . . . 5 . 1 . 2 . Builder 33 | . 1 . 12 . . . . . . . . 2 . . . . . . . . . . 2 . 10 . . . 2 . 3 . 1 . Tunneler 7 | 3 . . . . . . . . . . . . . 1 . . . . . . . . . . . . . . 2 . . . 1 . Hauler 48 | . 2 . . 5 . 6 . . . . . 5 . 7 . 6 . 2 . . . . 3 . 5 . . . 2 . . . 5 . Recycler 32 | . 3 . 9 3 . 2 . . . . . . . . . . . . . . . . 2 . 5 1 . . 4 . . . 2 1 Carrier 33 | . . . . . . . . . . . . . . . . . . 1 . . . . . . . . . . . 2 12 11 7 . Minesweeper 4 | . . . . . . . 2 1 . . . . . . . . . . . 1 . . . . . . . . . . . . . . Mechanic 36 | . . . . . . . . . . . . . . . . . . 10 . . . . . . 1 . . . . . 3 7 9 6 Operator 16 | . 2 . . 1 . 2 . . . . . . . 1 . 1 . . . . . . . . 2 . . 4 2 . . . 1 . Drone 3 | . . . . . . . . . . . . . . . . . . . . . . . . . . . . . . . 3 . . . Turret 2 | . . 2 . . . . . . . . . . . . . . . . . . . . . . . . . . . . . . . . Watcher 47 | . 3 . . 2 . 3 . . . . . 5 . 4 1 5 . 1 . . . . 2 . 4 1 2 . 2 1 1 . 9 1 Swarmer 112 | . 6 10 . . . . 7 1 . . . 5 . . 8 . 29 . . 3 . . 4 . 5 2 . . . 18 . . 14 . Cutter 7 | . . . . . . . . . . . . 2 . . 2 3 . . . . . . . . . . . . . . . . . . Saboteur 45 | . . . . . . . . . . . . . . . 3 1 . 11 . . . . . . . 1 . . . . 3 11 6 9 Grunt 395 | . 8 . . 3 . 8 4 7 . . . 1 . 6 12 6 10 54 3 5 1 4 11 . 25 8 . . 14 10 48 52 39 56 Brawler 54 | . . . . 1 . . . . . . . . . . . . 1 7 3 2 . 1 . . 1 1 . . . 1 15 9 3 9 Duelist 53 | . . . . . . . . 1 . . . . . . 1 . . 10 1 3 . . . . 3 2 . . . . 6 6 13 7 Protector 30 | . . . . . . . . . . . . . . . . . . 6 . . . . . . . 1 . . 1 . 7 4 3 8 Sentry 80 | . . . 1 1 . 1 2 1 . . . 3 . 1 5 2 4 . 2 2 . . 4 . 5 13 . 3 2 3 9 4 12 . Demolisher 10 | . . . . . . . . . . . . . . . . . . 3 . . . . . . . 3 . . . . 4 . . . Specialist 7 | . . . . . . . . . . . . . . . 1 . . 4 . . . . . . . 1 . . . . . 1 . . Hunter 89 | . . . . 1 . . . . . . . 1 . . 1 . . 17 2 1 . 2 10 . 6 3 . . 2 . 11 11 14 7 Programmer 164 | . . . . 5 . 3 . . . . . 3 . 3 2 1 3 29 . . . . 8 . 8 3 . . 3 5 10 32 27 19 Heavy 2 | . . . . . . . . . . . . . . . . . . . . . . . . . 1 . . . . . . . 1 . Behemoth 15 | . . . . . . . . 1 . . . . . 1 . 1 . . 1 1 . . 1 . . 2 . . 1 1 2 . 3 . Compactor 7 | . . . . . 6 . . . . . . . 1 . . . . . . . . . . . . . . . . . . . . . Cetus Guard 8 | . . . . . . . . . . . . . . . . . . . . . . . . . . . 8 . . . . . . . Quarantine Guard 11 | . . . . . . . . . . . . . . . . . . . . . . . . . . . . . . . . 11 . . Enhanced Grunt 1 | . . . . . . . . . . . . . . . . . . . . . 1 . . . . . . . . . . . . . Lightning 4 | . . . . . . . . . . . . . . . . . . . . . . . . . . . . . 4 . . . . . Investigator 9 | . . . . . . . . . . . . . . . . . . . . . . . . . . . . . . . 3 2 1 3 Striker 22 | . . . . . . . . . . . . . . . . . 1 . . . . . . . . . . . . 2 9 3 3 4 Executioner 24 | . . . . . . . . . . . . . . . . . 1 . . . . . . . 1 . . . . 1 3 5 8 5 Artisan 3 | . . 3 . . . . . . . . . . . . . . . . . . . . . . . . . . . . . . . . Subdweller 6 | . . 6 . . . . . . . . . . . . . . . . . . . . . . . . . . . . . . . . Scientist 2 | . . . 2 . . . . . . . . . . . . . . . . . . . . . . . . . . . . . . . Scrapper 3 | . . . 3 . . . . . . . . . . . . . . . . . . . . . . . . . . . . . . . Zionite 80 | . . . . . . . . . 80 . . . . . . . . . . . . . . . . . . . . . . . . . Z-Technician 5 | . . . . . . . . . . 5 . . . . . . . . . . . . . . . . . . . . . . . . Z-Light 4 | . . . . . . . . . . 4 . . . . . . . . . . . . . . . . . . . . . . . . Decomposer 1 | . . . . . . . . . . . . . . . . . . . . 1 . . . . . . . . . . . . . . Tinkerer 6 | . . . . . . . . . 6 . . . . . . . . . . . . . . . . . . . . . . . . . Assembler 2 | . . . . . . . . . . 2 . . . . . . . . . . . . . . . . . . . . . . . . Assembled 33 | . . . . . . . . . . 33 . . . . . . . . . . . . . . . . . . . . . . . . Golem 6 | . . . . . . . . . . 6 . . . . . . . . . . . . . . . . . . . . . . . . Surgeon 4 | . . . . . . . . . 1 . . . . 1 . . . . . . . . . . 2 . . . . . . . . . Wasp 1 | . . . . . 1 . . . . . . . . . . . . . . . . . . . . . . . . . . . . . Thug 4 | . . . . . . 1 . . . . . . . . . . . . . 1 . . . . 2 . . . . . . . . . Savage 1 | . . . . . . . . . 1 . . . . . . . . . . . . . . . . . . . . . . . . . Butcher 7 | . . . . . . 1 . . 2 . . . . . . . . . . 3 . . . . . 1 . . . . . . . . Martyr 4 | . . . . . 2 . . . . . . . . . . . . . . . . . . 2 . . . . . . . . . . Guerrilla 1 | . . . . . . . . . . . . . . . . . . . . . . . . . . 1 . . . . . . . . Fireman 2 | . . . . . . . . . 2 . . . . . . . . . . . . . . . . . . . . . . . . . Mutant 5 | . . . . . . . . . 5 . . . . . . . . . . . . . . . . . . . . . . . . . Revision 1 | . . . . . . . . . . . . . . . . . . . . . . . . . . . . . . . 1 . . . Best Kill Streak 45 | 3 6 4 3 7 2 9 5 3 11 35 . 11 1 3 7 4 15 36 7 4 . 5 12 . 13 15 5 6 21 25 29 37 45 30 Combat Bots Only 42 | . 6 4 2 5 2 3 3 3 2 31 . 7 1 2 7 3 15 32 7 4 . 5 7 . 6 15 4 3 16 23 23 33 42 28 Max Kills in Single Turn 11 | 1 3 3 1 3 1 4 2 1 2 11 . 1 1 1 2 4 5 4 2 2 1 1 3 1 3 2 2 2 4 2 2 3 2 5 Gunslinging . | . . . . . . . . . . . . . . . . . . . . . . . . . . . . . . . . . . . Exploded 11 | . 3 3 . 1 . 1 2 . 1 11 . . . . 2 2 5 3 . 2 . . 3 . 1 . . . . 2 1 1 1 2 Melee 1 | . . . . . . . . . . . . . . . . 1 . 1 . . . . 1 . 1 . . . . . . . 1 1 Uniques/NPCs Destroyed 5 | . . . . . . . . . 1 1 . . . . . . . . . . . . . . 1 . 1 . 1 . . . . . AD-0RF (-7/Zion) Z-Imprinter (-7/Deep Caves) 6S-H0T (-4/Factory) A7 (-4/Cetus) V4-D3R (-4/Hub_04(d)) Combat | -11 -10 -10 -9 -7 -7 -7 -7 -7 -7 -7 -6 -6 -6 -6 -6 -6 -6 -5 -5 -5 -5 -4 -4 -4 -4 -4 -4 -4 -4 -4 -3 -3 -2 -2 -------- Run | Yrd Mat Sub Rec Fac Was Fac Low Low Zio Dee Pro Fac Was Fac Gar Fac Gar Fac Upp Upp Zhi Pro Fac Was Fac Ext Cet Arc Hub Gar Res Qua Res Tes Hostile Shots Fired 4300 | . 44 82 15 165 3 58 65 42 182 128 . 334 1 91 180 69 117 365 11 25 16 20 220 . 226 38 . . 43 89 95 316 640 620 Missed 1574 | . 11 24 2 69 1 27 36 16 67 41 . 135 . 38 57 41 39 101 5 8 7 6 82 . 58 11 . . 13 34 37 146 269 193 Deflected 131 | . . . . . . . . . . . . . . . . . . . . . . . . . . . . . . 19 22 55 35 . Hits 2726 | . 33 58 13 96 2 31 29 26 115 87 . 199 1 53 123 28 78 264 6 17 9 14 138 . 168 27 . . 30 55 58 170 371 427 Melee 73 | . . . . . 2 . . . 1 6 . 3 1 . 2 9 1 3 . . . . . . 2 . . . 1 . . 1 2 39 Projectile 2653 | . 33 58 13 96 . 31 29 26 114 81 . 196 . 53 121 19 77 261 6 17 9 14 138 . 166 27 . . 29 55 58 169 369 388 AOE 17 | . . . . . . . . . . . . 2 . . 1 3 . 2 . . 1 . . . . 4 . . . . 1 1 . 2 Critical Strikes 122 | . 1 . . 2 1 1 . 1 2 1 . 2 . 1 2 1 1 8 . . . 1 7 . 20 3 . . 1 1 6 3 18 38 Actively Blocked 40 | . . . . . . . . . . . . . . . . . . . . . . . . . 11 . . . . . . . 2 27 Part Disruptions 2 | . . . . . . . . . 2 . . . . . . . . . . . . . . . . . . . . . . . . . Damage Taken 46272 | . 397 745 251 768 91 486 523 337 1676 1916 . 3583 107 907 1671 601 854 4624 167 303 758 275 2337 9 3731 625 . . 586 615 638 1641 6111 8939 Core 4257 | . 45 162 25 82 . 100 50 40 247 142 . 374 7 98 177 33 68 376 . 27 6 . 342 . 207 99 . . 9 . 10 167 429 935 Absorbed by Shields 3884 | . . . . . . . . . . . . . . . . 36 450 517 . . . . 290 . . 152 . . . . 195 20 551 1673 Reduced by Siege Mode 213 | . . . . . . . . . . . . . . . 21 . . 192 . . . . . . . . . . . . . . . . Redirected to Shielding 1390 | . . . . . . . . . . . . 331 . . . . . 48 . . . . . . 142 . . . 99 108 122 216 324 . Ignored by Resistances 3582 | . . . . . . . . . . . . . . 101 . . . 50 . . . 20 119 . 191 . . . 293 . 23 569 1095 1121 Regen/Repaired (Parts) 16307 | . . . 5 426 87 42 434 117 1262 768 . 494 595 613 474 523 760 802 45 657 228 . 618 384 1699 307 329 . . . 896 944 2766 32 Core Remaining (%) 44 | 100 . . 7 . . . . . . . 5 . . . . . 10 . . . . 59 . . . . . . . 42 . 86 . . Volleys Fired 3348 | 11 82 160 79 94 55 54 42 63 510 91 7 120 5 54 102 43 86 220 16 31 9 12 72 4 229 61 22 7 69 69 215 188 326 140 Largest 3 | 2 2 2 2 1 1 1 2 2 2 2 1 2 3 1 1 1 2 2 1 1 1 1 1 1 2 1 1 1 1 1 1 1 1 2 Hottest 320 | 70 85 93 74 64 64 64 84 192 114 123 54 202 262 320 156 156 107 84 29 43 29 29 64 7 81 59 59 59 59 59 59 87 87 152 Shots Fired 3455 | 22 130 176 95 94 55 54 46 65 511 93 7 123 13 54 102 43 87 220 16 31 9 12 71 4 221 61 22 7 69 68 215 187 324 148 Gun 513 | 22 120 131 49 . . . 4 3 1 . . 16 8 8 . 1 1 75 16 30 3 . . . . . . . . . . . 24 1 Cannon 2622 | . 3 26 46 94 55 54 17 27 408 87 7 107 5 46 90 42 82 90 . . 3 12 67 . 206 61 22 7 69 68 215 187 277 142 Launcher 212 | . 7 14 . . . . 6 . 102 6 . . . . 12 . 4 54 . 1 . . 4 . . . . . . . . . 1 1 Special 108 | . . 5 . . . . 19 35 . . . . . . . . . 1 . . 3 . . 4 15 . . . . . . . 22 4 Kinetic 2255 | 11 78 90 92 82 . . . 2 280 88 . . . 45 89 39 1 75 16 30 3 . . . 164 61 22 7 69 68 215 187 301 140 Thermal 768 | 11 45 72 3 12 55 54 40 63 129 . . 16 9 7 . 4 82 90 . . 3 12 60 . 1 . . . . . . . . . Explosive 202 | . 7 14 . . . . 6 . 102 . . . . . 12 . 4 54 . 1 . . 2 . . . . . . . . . . . Electromagnetic 58 | . . . . . . . . . . 2 . 1 . . 1 . . . . . . . 9 . 42 . . . . . . . . 3 Phasic 122 | . . . . . . . . . . 3 7 106 4 2 . . . . . . . . . . . . . . . . . . . . Robot Hit Streak 39 | 3 9 15 6 7 21 10 10 9 17 12 . 17 6 7 8 14 12 39 19 15 11 12 13 13 17 18 6 10 11 6 23 34 17 21 Robot Miss Streak 9 | 3 7 6 3 9 3 6 3 5 5 3 . 5 1 3 3 2 4 5 3 5 2 6 5 . 3 2 2 . 2 3 4 2 3 8 Penetration Max 3 | . . . . . . . . . . . . . . 1 . . . . 1 . . . . . 1 1 1 1 1 1 1 1 2 3 Secondary Targets 2 | . 2 . . . . . . . . . . . . . . . . . . . . . . . . . . . . . . . . . Max Gunslinging Chain 1 | . 1 . . . . . . . . . . . . . . . . . . . . . . . . . . . . . . . . . Capacitor 430 | . . . . . . . . . . . . . . . . . . . . . . . . . 8 61 22 7 69 68 195 . . . Shots Hit Robots 2298 | 10 71 63 57 63 55 51 31 43 223 62 . 56 15 67 55 25 54 173 15 28 14 11 86 7 131 44 16 7 38 44 162 151 231 139 Core Hits 2111 | 3 43 37 30 26 23 41 24 15 107 112 . 23 5 17 40 14 37 370 38 55 17 18 97 3 69 26 6 5 26 22 69 92 105 496 Critical Kills 121 | . 1 2 1 . . 1 . . . . . . . 2 . . . 2 1 1 . . 3 . . . . . . . . . . 107 Critical Parts Destroyed 161 | . 2 1 . . . 2 . . . . . . . 4 1 1 . 4 . 2 . . 5 . . . . . . . . . . 139 Critical Strikes 318 | 2 5 5 1 . . 3 . . . . . . 5 7 1 2 . 6 1 3 1 . 8 . 4 . . . . . 1 . . 263 Burn 5 | 2 2 . . . . . . . . . . . . . . 1 . . . . . . . . . . . . . . . . . . Destroy 289 | . 3 4 1 . . 3 . . . . . . . . . . . 4 1 3 . . 8 . . . . . . . . . . 262 Blast 1 | . . 1 . . . . . . . . . . . . . . . . . . . . . . . . . . . . . . . . Corrupt 3 | . . . . . . . . . . . . . . . . . . . . . . . . . 3 . . . . . . . . . Smash 11 | . . . . . . . . . . . . . . 6 1 1 . 2 . . . . . . . . . . . . . . . 1 Sever 4 | . . . . . . . . . . . . . 4 . . . . . . . . . . . . . . . . . . . . . Impale 3 | . . . . . . . . . . . . . . 1 . . . . . . 1 . . . 1 . . . . . . . . . Intensify 2 | . . . . . . . . . . . . . 1 . . . . . . . . . . . . . . . . . 1 . . . Melee Attacks 203 | . . . . 4 . . . . . . . . 5 53 4 19 3 6 3 1 7 . 41 3 1 . . . . 16 3 6 4 24 Impact 86 | . . . . 1 . . . . . . . . . 44 4 18 3 5 . . . . . . . . . . . . . . . 11 Slashing 50 | . . . . 3 . . . . . . . . 5 . . . . . . . . . . . . . . . . 16 3 6 4 13 Piercing 66 | . . . . . . . . . . . . . . 9 . 1 . 1 3 1 7 . 40 3 1 . . . . . . . . . Sneak Attacks 34 | . . . . 1 . . . . . . . . 5 8 1 1 . 5 . . . . 5 3 1 . . . . . 1 . . 3 Combat Hostiles 3 | . . . . . . . . . . . . . . . . . . . . . . . 1 . 1 . . . . . . . . 1 Follow-up Attacks 5 | . . . . . . . . . . . . . . 2 . . . . . . . . 3 . . . . . . . . . . . Damage Inflicted 898304 | 126 1456 1621 1312 2662 3033 2657 1207 1374 11992 6947 . 4087 743 3537 8137 6510 25751 44138 1553 2277 1039 839 6961 209 82604 80563 19950 9310 64835 65831 232089 93596 102003 7355 Guns 18179 | 126 923 782 534 . . . . 37 . . . . 257 134 . 45 . 6838 1553 2092 427 . . . . . . . . . . . 4431 . Cannons 847367 | . 36 309 778 2136 3033 2151 567 1162 10731 3202 . 3604 260 1438 7114 5635 24975 29290 . . 119 839 5457 . 81401 80462 19950 9310 64168 65500 231476 92775 95501 3988 Explosions 25472 | . 497 513 . 438 . 506 547 . 1261 3745 . 363 . . 918 517 776 7418 . 185 . . 418 . 905 75 . . 667 331 313 821 1885 2373 Melee 6417 | . . . . 82 . . . . . . . . 226 1965 105 313 . 488 . . 493 . 1086 209 61 . . . . . 220 . 186 983 Ramming 584 | . . . . 6 . . . . . . . 120 . . . . . 104 . . . . . . 237 26 . . . . 80 . . 11 Kinetic 789756 | 63 578 466 1252 1678 . . . 37 7199 5513 . . . 1438 7114 5635 . 6838 1553 2092 427 . . . 80336 80462 19950 9310 64168 65500 231476 92775 99932 3964 Thermal 79668 | 63 381 642 60 896 3033 2151 660 1337 3532 1280 . 182 385 60 . 562 24975 29290 . . 119 839 5209 . 905 . . . 155 331 298 821 1033 469 Explosive 13461 | . 497 513 . . . 506 547 . 1261 . . . . . 918 . 776 7418 . 185 . . 269 . . . . . . . . . 571 . Electromagnetic 4674 | . . . . . . . . . . 28 . 373 . . . . . . . . . . 397 . 1065 75 . . 512 . 15 . 281 1928 Impact 2945 | . . . . . . . . . . . . . . 1793 105 313 . 488 . . . . . . . . . . . . . . . 246 Slashing 1451 | . . . . 82 . . . . . . . . 226 . . . . . . . . . . . . . . . . . 220 . 186 737 Piercing 2021 | . . . . . . . . . . . . . . 172 . . . . . . 493 . 1086 209 61 . . . . . . . . . Phasic 3744 | . . . . . . . . . . 126 . 3412 132 74 . . . . . . . . . . . . . . . . . . . . Highest Corruption 41 | . 1 1 1 4 . 1 2 2 2 . . 4 4 4 1 1 1 11 4 4 4 4 14 14 20 3 4 4 2 2 . 2 20 41 Average Corruption 4 | . 1 1 1 1 . 1 1 2 2 . . 3 4 3 1 1 1 6 4 4 4 4 11 14 14 3 4 3 1 2 . 1 8 9 Corruption Purged 61 | . . . . 4 . . . . . . . . . 4 . . 1 11 . . . . . . 20 . . 4 . . . . 17 . Corruption Blocked . | . . . . . . . . . . . . . . . . . . . . . . . . . . . . . . . . . . . Effects 646 | . 9 25 39 18 . . 17 20 . . . 6 7 5 2 7 . 44 12 23 13 10 42 34 115 15 5 1 . 7 . 24 89 57 Message Errors 149 | . . 11 7 8 . . 5 4 . . . . 3 2 . 2 . 9 3 7 3 3 9 6 23 2 . . . 2 . 4 21 15 Matter Fused 151 | . 4 7 11 4 . . 4 5 . . . 1 2 2 . 1 . 12 3 2 3 2 7 12 19 2 1 . . 3 . 9 23 12 Heat Flow Errors 70 | . 2 1 4 1 . . 2 2 . . . 1 . . 1 1 . 5 2 2 1 1 5 2 15 3 2 . . . . 5 7 5 Energy Discharges 92 | . . 2 7 2 . . 3 3 . . . 1 2 . . 1 . 5 3 4 3 2 11 8 15 1 1 1 . . . 1 13 3 Parts Rejected 13 | . 1 . . . . . . . . . . . . . . . . 1 . 1 . . 1 . 4 . . . . . . 1 4 . Parts Fused 11 | . . 1 . . . . . 1 . . . . . . . . . . . 1 . . 2 3 1 . . . . . . . 1 1 Data Loss (minor) 78 | . . 1 5 2 . . . 4 . . . 2 . . 1 1 . 6 1 4 2 1 3 3 14 5 . . . 1 . 2 12 8 Data Loss (major) 30 | . . . 3 1 . . . . . . . . . 1 . 1 . 3 . 2 1 . 2 . 9 2 . . . . . 1 1 3 Misfires 12 | . 1 1 1 . . . 3 1 . . . . . . . . . . . . . . . . . . . . . . . . 1 4 Alerts 14 | . 1 1 1 . . . . . . . . 1 . . . . . 2 . . . 1 1 . 3 . 1 . . . . . 1 1 Misdirections 8 | . . . . . . . . . . . . . . . . . . . . . . . . . 3 . . . . . . . 2 3 Weapon Failures 18 | . . . . . . . . . . . . . . . . . . 1 . . . . 1 . 9 . . . . 1 . 1 3 2 Overload Shots 11 | . . . . . . . . 1 1 . . 3 5 . . 1 . . . . . . . . . . . . . . . . . . Effects 1 | . . . . . . . . 1 . . . . . . . . . . . . . . . . . . . . . . . . . . Energy Bleed 1 | . . . . . . . . 1 . . . . . . . . . . . . . . . . . . . . . . . . . . Overflow Damage 346090 | . 60 33 52 255 8 99 68 142 689 321 . 510 . 582 1727 2275 8529 9592 . . 46 . 192 . 39816 24422 7050 2594 37224 28536 105641 37447 37628 552 Projectiles 343361 | . . 8 52 48 8 80 30 142 682 177 . 490 . 125 1583 1995 8529 9190 . . . . 92 . 39702 24422 7050 2594 37199 28536 105636 37447 37434 110 Explosions 986 | . 60 25 . 165 . 19 38 . 7 144 . . . . 39 87 . 166 . . . . 11 . 51 . . . 25 . . . 103 46 Melee 1743 | . . . . 42 . . . . . . . 20 . 457 105 193 . 236 . . 46 . 89 . 63 . . . . . 5 . 91 396 Knockbacks 355 | . 1 2 5 10 . . . . 43 19 . . . 11 10 . . 3 . . . . . . 22 7 2 . 4 4 19 28 40 125 Impact 12 | . . . . 1 . . . . . . . . . 3 . . . 3 . . . . . . 1 . . . . . 1 . . 3 Kinetic 312 | . 1 2 5 9 . . . . 43 16 . . . 8 10 . . . . . . . . . 20 6 2 . 4 4 16 23 33 110 Secondary 31 | . . . . . . . . . . 3 . . . . . . . . . . . . . . 1 1 . . . . 2 5 7 12 Self-Inflicted Damage 1292 | . 26 130 . . . 77 39 . . 59 . 30 . . . 118 68 . . . . . 75 . 243 28 . . 22 51 . . 100 226 Shots 29 | . 3 4 . . . 1 1 . . 1 . 1 . . . 2 2 . . . . . 1 . 4 1 . . 1 1 . . 3 3 Rammed 11 | . . . . 1 . . . . . . . . . . . . . 2 . . . . . . 5 1 . . . . 2 . . . Targets Rammed 22 | . . . . 2 . . . . . . . 8 . . . . . 2 . . . . . . 5 1 . . . . 3 . . 1 Kicked 9 | . . . . 1 . . . . . . . 8 . . . . . . . . . . . . . . . . . . . . . . Crushed 2 | . . . . . . . . . . . . . . . . . . . . . . . . . . . . . . . 1 . . 1 Highest Temperature 426 | 81 426 212 222 171 140 162 253 375 252 204 . 105 . 265 321 239 266 238 244 240 178 213 267 233 243 233 183 42 184 124 263 256 329 248 Average Temperature 70 | 34 122 76 56 48 45 33 70 116 63 61 . 30 . 93 107 50 88 57 127 113 115 113 78 121 60 66 78 19 46 39 49 81 67 93 Received Heat Transfer 6254 | . 174 114 129 42 . 90 147 99 983 202 . 324 . 240 432 27 45 871 24 27 39 . 253 . 470 65 . . 135 33 96 316 372 505 Effects 13 | . 5 . . . . . . 1 . . . . . 2 3 . 2 . . . . . . . . . . . . . . . . . Shutdowns 2 | . 2 . . . . . . . . . . . . . . . . . . . . . . . . . . . . . . . . . Energy Bleed 2 | . . . . . . . . . . . . . . 1 . . 1 . . . . . . . . . . . . . . . . . Interference 6 | . 1 . . . . . . . . . . . . 1 3 . 1 . . . . . . . . . . . . . . . . . Matter Decay 2 | . 1 . . . . . . 1 . . . . . . . . . . . . . . . . . . . . . . . . . . Damage (minor) 1 | . 1 . . . . . . . . . . . . . . . . . . . . . . . . . . . . . . . . . Siege Activations 11 | . . . . . . . . . . . . . . . 2 . . 8 1 . . . . . . . . . . . . . . . Total Turns 673 | . . . . . . . . . . . . . . . 19 . . 651 3 . . . . . . . . . . . . . . . Longest Duration 178 | . . . . . . . . . . . . . . . 11 . . 178 3 . . . . . . . . . . . . . . . Martial Activations . | . . . . . . . . . . . . . . . . . . . . . . . . . . . . . . . . . . . Shielding Activations . | . . . . . . . . . . . . . . . . . . . . . . . . . . . . . . . . . . . Robots Disrupted 2 | . . . . . . . 1 . . . . . . . . . . . . . . . . . . . . . . . . . 1 . Combat Hostiles 1 | . . . . . . . . . . . . . . . . . . . . . . . . . . . . . . . . . 1 . Robots Corrupted 26 | . . . . . . . . . . . . 2 . 8 1 . . . . . . . 1 . 5 . . . . . 1 2 1 5 Combat Hostiles 15 | . . . . . . . . . . . . . . 4 . . . . . . . . 1 . 2 . . . . . 1 2 1 4 Parts Fried 60 | . . . . . . . . . 2 . . 5 . 7 1 6 . 1 . . . . 1 . 18 . . . 3 . 1 1 6 8 Impact Corruptions 61 | . . . . . . . . . . 1 . 1 . 17 3 3 . 4 . . . . . . 4 6 . . . . 7 4 9 2 Robots Melted 7 | . . . . . 3 2 2 . . . . . . . . . . . . . . . . . . . . . . . . . . . Combat Hostiles 7 | . . . . . 3 2 2 . . . . . . . . . . . . . . . . . . . . . . . . . . . Parts Melted 141 | . 2 . 1 1 15 10 5 . 6 . . . . . . 2 1 . . . . . . . 2 . . . . . . 92 4 . Heat Transferred 29499 | 333 1073 850 74 1300 7150 4850 1950 1379 2506 . . 200 320 . . 450 1960 2551 . . . . . . 550 . . . 150 150 125 675 577 326 Parts Sabotaged 5 | . . . . . . . . . . . . . . . . 1 . 4 . . . . . . . . . . . . . . . . Parts Stolen . | . . . . . . . . . . . . . . . . . . . . . . . . . . . . . . . . . . . Parts Stripped . | . . . . . . . . . . . . . . . . . . . . . . . . . . . . . . . . . . . Power Chain Reactions 30 | . 1 . . . . . . . . . . . . . . . . . . . . . 1 . 4 1 . . 2 2 3 6 7 3 Latent Energy Used 651 | . . . . . . . . . . . . 200 . . . . . . . . . . . . . . . . . . . . . 451 LE Corruption 10 | . . . . . . . . . . . . 3 . . . . . . . . . . . . . . . . . . . . . 7 Alert | -11 -10 -10 -9 -7 -7 -7 -7 -7 -7 -7 -6 -6 -6 -6 -6 -6 -6 -5 -5 -5 -5 -4 -4 -4 -4 -4 -4 -4 -4 -4 -3 -3 -2 -2 ------- Run | Yrd Mat Sub Rec Fac Was Fac Low Low Zio Dee Pro Fac Was Fac Gar Fac Gar Fac Upp Upp Zhi Pro Fac Was Fac Ext Cet Arc Hub Gar Res Qua Res Tes Maximum Alert Level 5 | . 1 . . 2 . 2 . . . . . 3 1 3 5 4 5 5 . . . . 4 2 4 5 5 3 5 5 5 5 5 5 Low Security (%) 24 | 100 71 . 100 17 100 40 . . . . . 56 65 9 . . . . . . . . 32 24 12 . . . . . . . . . Level 1 11 | . 28 . . 80 . 26 . . . . . 8 34 2 . . . . . . . . 5 66 32 . . . 5 . . . . . Level 2 10 | . . . . 1 . 33 . . . . . 23 . 80 6 . . . . . . . 12 8 42 11 . 37 18 . . . . . Level 3 7 | . . . . . . . . . . . . 11 . 7 30 56 1 . . . . . 9 . 8 45 . 62 38 . . . . . Level 4 5 | . . . . . . . . . . . . . . . 22 43 18 2 . . . . 40 . 5 19 . . 15 11 . . . . Level 5 12 | . . . . . . . . . . . . . . . 40 . 80 . . . . . . . . . 100 . 16 88 12 51 6 33 High Security 28 | . . . . . . . . . . . . . . . . . . 97 . . . . . . . 22 . . 3 . 87 48 93 66 Max Security . | . . . . . . . . . . . . . . . . . . . . . . . . . . . . . . . . . . . Sterilizations 4 | . . . . . . . . . . . . . . . . . . 1 . . . . . . . . . . . . 1 1 1 . Peak Influence 9163 | 10 323 . 61 415 109 496 . . . . . 859 278 780 1922 1502 2827 5977 . . . . 1232 420 1229 3045 1945 943 1863 3071 5649 7542 9163 8301 Initial 5154 | . . . 61 209 109 . . . . . . . 278 7 544 1008 1051 1484 . . . . 51 420 84 599 1704 758 208 1304 1727 3177 4242 5154 Average 2293 | 1 146 . 9 250 19 265 . . . . . 284 147 545 1329 1094 2135 4782 . . . . 646 277 469 1255 1847 753 1001 2345 3974 4362 7727 6267 Influence Increases 47286 | 15 635 450 206 956 . 1089 485 436 15 . . 1397 27 1692 1438 1018 1796 4833 315 501 15 205 1646 54 2781 2884 311 227 1953 1797 4082 5181 5221 3625 Destroy 0b10 Robot/C 25140 | . 280 240 20 220 . 460 260 240 . . . 300 . 760 860 280 980 2940 260 360 . 140 760 . 1340 1280 160 80 660 980 2720 3160 3020 2380 Destroy 0b10 Robot/NC 1505 | 15 60 . 105 65 . 75 10 5 15 . . 65 . 80 5 60 30 115 . 5 15 . 55 . 170 20 10 20 120 10 75 55 165 80 Destroy Leader 3984 | . 70 30 . 94 . 128 20 20 . . . 100 . 212 20 82 60 368 30 30 . 20 210 . 258 102 . . 148 60 472 570 588 292 Allied During Kill 3087 | . . . . . . 154 . 6 . . . . . 330 37 . 47 401 10 16 . . . . 401 1153 111 100 189 132 . . . . Trap Triggered on 0b10 40 | . 40 . . . . . . . . . . . . . . . . . . . . . . . . . . . . . . . . . Successful Hack 783 | . 18 . 6 52 . 82 . . . . . 50 . 89 14 34 14 . . . . . 32 . 97 15 . . . 14 74 119 34 39 Select Force Hacks 190 | . . . 60 . . 50 . . . . . . . . . 30 . . . . . . . . . . . . 50 . . . . . Disable Machine 2265 | . 75 . . 195 . 45 . . . . . 60 . 45 15 225 30 225 . . . . 180 . 135 45 . 15 345 30 165 210 120 105 Anti-Garrison Action 1100 | . . . . . . . . . . . . . . . 300 . 450 . . . . . . . . . . . . 200 150 . . . Destroy Structure 3982 | . 32 . 15 70 . 20 . . . . . 87 27 26 187 82 155 394 . . . . 214 54 260 94 30 12 426 296 276 192 784 249 Advance Influence 200 | . . . . 200 . . . . . . . . . . . . . . . . . . . . . . . . . . . . . . Partial Spotted 330 | . . . . . . 15 . . . . . 75 . 45 . 15 . 15 . . . . . . 45 . . . . . 45 45 30 . Lose Combat Pursuer 4380 | . 60 180 . 60 . 60 195 165 . . . 660 . 105 . 210 30 375 15 90 . 45 195 . 75 75 . . 15 75 105 630 480 480 Miscellaneous 300 | . . . . . . . . . . . . . . . . . . . . . . . . . . 100 . . . . . 200 . . Influence Decreases 38985 | 15 560 397 311 666 313 594 810 547 74 . . 600 813 925 294 1438 471 1683 2467 1208 3133 122 528 1135 1678 1062 1461 1525 687 589 1504 3288 3600 4487 Entered New Map 26146 | . . 37 67 14 204 . 184 33 59 . . . 519 4 234 914 451 1343 2213 728 3118 . 32 781 36 624 1341 1137 389 559 1344 2472 3300 4009 Time Decay 9484 | 15 550 330 234 642 99 392 616 514 15 . . 380 294 591 . 494 . 20 254 440 15 122 453 334 672 318 120 368 198 . 140 506 120 238 Lost Part 883 | . 10 30 10 10 10 . 10 . . . . 70 . . 20 10 . 160 . . . . 43 . 50 20 . . . 10 20 10 160 230 Lost Ally 1200 | . . . . . . 130 . . . . . . . 330 40 20 20 160 . 40 . . . 20 170 100 . 20 100 20 . . 20 10 Purge Threat 1272 | . . . . . . 72 . . . . . 150 . . . . . . . . . . . . 750 . . . . . . 300 . . Squads Dispatched 315 | . 2 . . 12 . 9 . . . . . 9 . 16 . 16 . 44 . . . . 12 . 18 11 . . 6 . 2 48 67 43 Investigation 42 | . 1 . . 1 . 3 . . . . . 5 . 4 . 4 . . . . . . 5 . 7 1 . . 5 . 1 1 3 1 Extermination 28 | . . . . 6 . 2 . . . . . 2 . 3 . 4 . . . . . . 2 . 5 . . . 1 . . 1 1 1 Reinforcement 35 | . 1 . . 5 . 3 . . . . . 2 . 4 . 5 . . . . . . 3 . 5 1 . . . . 1 . 3 2 Assault 205 | . . . . . . 1 . . . . . . . 2 . 3 . 44 . . . . 1 . . 9 . . . . . 46 60 39 Garrison 5 | . . . . . . . . . . . . . . 3 . . . . . . . . 1 . 1 . . . . . . . . . Intercept . | . . . . . . . . . . . . . . . . . . . . . . . . . . . . . . . . . . . Searches Triggered . | . . . . . . . . . . . . . . . . . . . . . . . . . . . . . . . . . . . Unchained Authorized 3 | . . . . . . . . . . . . . . . . . . . . . . . 1 . 1 . . . 1 . . . . . Construction Impeded 5 | . . . . 1 . . . . . . . . . . . . . . . . . . 1 . . 1 . . . . 1 . 1 . Haulers Reinforced 12 | . . . . 1 . 2 . . . . . . . 3 . 3 . . . . . . 2 . 1 . . . . . . . . . Active Scanning Responses . | . . . . . . . . . . . . . . . . . . . . . . . . . . . . . . . . . . . Cargo Convoy Interrupts 3 | . . . . 1 . . . . . . . 1 . . . . . . . . . . . . 1 . . . . . . . . . Stealth | -11 -10 -10 -9 -7 -7 -7 -7 -7 -7 -7 -6 -6 -6 -6 -6 -6 -6 -5 -5 -5 -5 -4 -4 -4 -4 -4 -4 -4 -4 -4 -3 -3 -2 -2 --------- Run | Yrd Mat Sub Rec Fac Was Fac Low Low Zio Dee Pro Fac Was Fac Gar Fac Gar Fac Upp Upp Zhi Pro Fac Was Fac Ext Cet Arc Hub Gar Res Qua Res Tes Distress Signals 39 | . 1 . . 1 . . . . . . 1 1 . . 1 3 . . . . . . 5 . 3 2 1 . 3 1 6 1 5 4 Communications Jammed . | . . . . . . . . . . . . . . . . . . . . . . . . . . . . . . . . . . . Distress Signals . | . . . . . . . . . . . . . . . . . . . . . . . . . . . . . . . . . . . Times Spotted 1829 | . 31 19 4 21 6 31 28 20 91 71 . 67 6 34 39 30 52 172 9 20 3 7 57 3 71 85 5 1 29 55 124 181 224 233 Peak Tracking Total 37 | . 4 4 3 4 4 6 7 5 7 37 . 15 5 7 9 9 9 11 7 9 3 8 12 2 6 26 3 1 6 10 10 29 29 26 Tactical Retreats 151 | . 4 5 . 2 . 3 6 6 6 2 . 16 1 3 . 6 2 13 1 3 . 1 5 . 4 4 . . 1 3 6 15 14 19 Traps | -11 -10 -10 -9 -7 -7 -7 -7 -7 -7 -7 -6 -6 -6 -6 -6 -6 -6 -5 -5 -5 -5 -4 -4 -4 -4 -4 -4 -4 -4 -4 -3 -3 -2 -2 ------- Run | Yrd Mat Sub Rec Fac Was Fac Low Low Zio Dee Pro Fac Was Fac Gar Fac Gar Fac Upp Upp Zhi Pro Fac Was Fac Ext Cet Arc Hub Gar Res Qua Res Tes Traps Triggered 65 | . 4 1 . 2 . 2 . 1 . . . 2 . 4 3 2 8 9 . . . . 2 . 3 6 . . 2 2 1 3 8 . Indirectly 2 | . 1 . . . . . . . . . . 1 . . . . . . . . . . . . . . . . . . . . . . Trap Hack Attempts 121 | . 47 30 . . . 44 . . . . . . . . . . . . . . . . . . . . . . . . . . . . Triggered 1 | . . . . . . 1 . . . . . . . . . . . . . . . . . . . . . . . . . . . . Disarmed 2 | . . 1 . . . 1 . . . . . . . . . . . . . . . . . . . . . . . . . . . . Reprogrammed 22 | . 6 4 . . . 12 . . . . . . . . . . . . . . . . . . . . . . . . . . . . Reused 33 | . 4 . 1 . . . 13 4 6 5 . . . . . . . . . . . . . . . . . . . . . . . . Traps Extracted 8 | . . . . . . 6 . 2 . . . . . . . . . . . . . . . . . . . . . . . . . . Installed 34 | . . 1 1 . . . 13 5 6 6 1 1 . . . . . . . . . . . . . . . . . . . . . . Triggered 21 | . 4 . . . . . 13 4 . . . . . . . . . . . . . . . . . . . . . . . . . . Most Traps Carried 14 | . . 1 1 . . 6 11 14 14 8 2 1 . . . . . . . . . . . . . . . . . . . . . . Machines | -11 -10 -10 -9 -7 -7 -7 -7 -7 -7 -7 -6 -6 -6 -6 -6 -6 -6 -5 -5 -5 -5 -4 -4 -4 -4 -4 -4 -4 -4 -4 -3 -3 -2 -2 ---------- Run | Yrd Mat Sub Rec Fac Was Fac Low Low Zio Dee Pro Fac Was Fac Gar Fac Gar Fac Upp Upp Zhi Pro Fac Was Fac Ext Cet Arc Hub Gar Res Qua Res Tes Machines Disabled 206 | . 6 3 . 13 . 3 4 . 9 3 1 4 . 3 8 15 10 16 1 . 2 . 12 . 9 6 . 1 24 7 13 14 11 8 Max in Single Turn 14 | . 3 1 . 6 . 2 3 . 1 1 1 2 . 1 1 11 2 2 1 . 1 . 2 . 1 1 . 1 14 1 1 1 2 1 Garrison Access 16 | . . . . 1 . 1 . . . . . . . 1 . 1 . 3 . . . . 2 . 4 . . . . . 2 1 . . Garrison Relay 14 | . . . . . . . . . . . . . . . 5 . 5 . . . . . . . . . . . . 4 . . . . Phase Generator 1 | . . . . . . . . . . . . . . . . . 1 . . . . . . . . . . . . . . . . . Network Hub 2 | . . . . . . . . . . . . . . . . . . . . . . . . . . . . . 2 . . . . . Machines Repaired 2 | . . . . . . 1 . . . . . . . . . . . . . . . . . . . . . . 1 . . . . . Machines Dismantled 1 | . . . . . . . . . . . . . . . . . . . . . . . . . . 1 . . . . . . . . Machines Sabotaged 1 | . . . . . . . . . . . . . . . . . . . . . . . . . . . . . 1 . . . . . Overloaded Fab Kills 1 | . . . . . . 1 . . . . . . . . . . . . . . . . . . . . . . . . . . . . Hacking | -11 -10 -10 -9 -7 -7 -7 -7 -7 -7 -7 -6 -6 -6 -6 -6 -6 -6 -5 -5 -5 -5 -4 -4 -4 -4 -4 -4 -4 -4 -4 -3 -3 -2 -2 --------- Run | Yrd Mat Sub Rec Fac Was Fac Low Low Zio Dee Pro Fac Was Fac Gar Fac Gar Fac Upp Upp Zhi Pro Fac Was Fac Ext Cet Arc Hub Gar Res Qua Res Tes Machines Accessed 185 | . 8 4 10 10 . 10 1 2 . . . 12 . 22 3 20 3 3 1 1 4 . 14 . 18 11 . . 6 2 5 9 4 2 Terminals 96 | . 7 . 6 4 . 6 . . . . . 6 . 9 3 11 3 2 . . . . 4 . 5 11 . . 5 2 2 7 2 1 Fabricators 28 | . . . . 1 . 3 . . . . . 4 . 5 . 3 . . . . . . 5 . 3 . . . . . 2 . 2 . Repair Stations 10 | . 1 . . 1 . . . . . . . . . 2 . 1 . . . . . . 1 . 3 . . . . . . 1 . . Recycling Units 12 | . . . 3 1 . . . . . . . 2 . 2 . 1 . . . . . . 1 . 2 . . . . . . . . . Scanalyzers 9 | . . . . 2 . . . . . . . . . 2 . 1 . . . . . . 1 . 1 . . . . . 1 . . 1 Garrison Access 16 | . . . . 1 . 1 . . . . . . . 2 . 3 . 1 . . . . 2 . 4 . . . 1 . . 1 . . Total Hacks 507 | . 29 7 23 34 . 34 1 2 . . . 31 . 79 7 42 5 3 1 1 16 . 27 . 48 17 . . 10 9 16 38 13 14 Successful 292 | . 14 7 8 26 . 18 1 2 . . . 16 . 51 2 18 1 1 1 1 16 . 18 . 38 7 . . 5 2 8 19 9 3 Failed 214 | . 14 . 15 8 . 16 . . . . . 15 . 28 5 24 4 2 . . . . 9 . 10 10 . . 5 7 8 19 4 11 Catastrophic 44 | . 2 . 4 2 . 4 . . . . . 3 . 2 2 7 2 2 . . . . 1 . 3 1 . . . 2 3 2 . 2 Database Lockouts 1 | . 1 . . . . . . . . . . . . . . . . . . . . . . . . . . . . . . . . . Manual 186 | . 24 . 16 8 . 12 . . . . . 10 . 32 . 16 . 2 . . . . 8 . 20 1 1 . 9 . 5 18 4 . Terminals 268 | . 26 . 17 7 . 25 . . . . . 13 . 24 7 22 5 2 . . . . 11 . 17 17 . . 9 9 7 29 8 13 Fabricators 92 | . . . . 4 . 8 . . . . . 12 . 26 . 9 . . . . . . 8 . 14 . . . . . 6 . 5 . Repair Stations 26 | . 3 . . 1 . . . . . . . . . 4 . 1 . . . . . . 2 . 7 . . . . . . 8 . . Recycling Units 28 | . . . 4 6 . . . . . . . 6 . 4 . 3 . . . . . . 1 . 4 . . . . . . . . . Scanalyzers 42 | . . . . 15 . . . . . . . . . 19 . 2 . . . . . . 1 . 1 . . . . . 3 . . 1 Garrison Access 21 | . . . . 1 . 1 . . . . . . . 2 . 5 . 1 . . . . 4 . 5 . . . 1 . . 1 . . Terminal Hacks 90 | . 4 7 3 1 . 11 1 2 . . . 4 . 5 2 3 1 . 1 1 16 . 1 . 7 7 . . . 2 . 5 4 2 Record 8 | . . 4 . . . . . . . . . . . . . . . . . . 4 . . . . . . . . . . . . . Part Schematic 10 | . . . 1 . . . . . . . . 1 . 2 . . . . . . 4 . . . 2 . . . . . . . . . Robot Schematic 1 | . 1 . . . . . . . . . . . . . . . . . . . . . . . . . . . . . . . . . Robot Analysis 6 | . 1 . . . . 1 . . . . . . . . . . . . . . 4 . . . . . . . . . . . . . Prototype ID Bank 4 | . . . . . . . . . . . . . . . . . . . . . 4 . . . . . . . . . . . . . Open Door 13 | . . 1 . . . . 1 2 . . . . . . 1 . . . 1 1 . . . . . 6 . . . . . . . . Branch Access Points 4 | . . . . . . 1 . . . . . . . 1 . . . . . . . . 1 . 1 . . . . . . . . . Emergency Access Points 2 | . . . . . . . . . . . . . . . 1 . . . . . . . . . . . . . . 1 . . . . Machine Index 1 | . . . . . . . . . . . . . . . . . . . . . . . . . . . . . . . . . . 1 Terminal Index 3 | . . . . . . 1 . . . . . . . 1 . . . . . . . . . . 1 . . . . . . . . . Fabricator Index 3 | . . . . . . . . . . . . . . 1 . . . . . . . . . . 1 . . . . . . . 1 . Recycling Unit Index 1 | . . . . 1 . . . . . . . . . . . . . . . . . . . . . . . . . . . . . . Alert Level 4 | . . . . . . 1 . . . . . 1 . . . 1 . . . . . . . . . . . . . . . . 1 . Unreport Threat 10 | . . . . . . 2 . . . . . 1 . . . . . . . . . . . . 2 1 . . . . . 4 . . Locate Traps 6 | . 2 . . . . 2 . . . . . . . . . 1 . . . . . . . . . . . . . . . 1 . . Reprogram Traps 2 | . . . . . . 2 . . . . . . . . . . . . . . . . . . . . . . . . . . . . Hauler Manifests 3 | . . . . . . . . . . . . 1 . . . 1 . . . . . . . . . . . . . . . . 1 . Registered Prototypes 2 | . . . . . . 1 . . . . . . . . . . . . . . . . . . . . . . . . . . 1 . Patrol Navigation 2 | . . . . . . . . . . . . . . . . . 1 . . . . . . . . . . . . 1 . . . . Proto ID Catalog 1 | . . 1 . . . . . . . . . . . . . . . . . . . . . . . . . . . . . . . . Protovariant Controls 1 | . . . . . . . . . . . . . . . . . . . . . . . . . . . . . . . . . . 1 Release Object 3 | . . 1 2 . . . . . . . . . . . . . . . . . . . . . . . . . . . . . . . Fabricator Hacks 52 | . . . . 2 . 3 . . . . . 5 . 14 . 5 . . . . . . 5 . 10 . . . . . 4 . 4 . Network Status 5 | . . . . 1 . 1 . . . . . 1 . . . 1 . . . . . . 1 . . . . . . . . . . . Load Schematic 30 | . . . . 1 . . . . . . . 4 . 8 . 3 . . . . . . 3 . 6 . . . . . 2 . 3 . Build 17 | . . . . . . 2 . . . . . . . 6 . 1 . . . . . . 1 . 4 . . . . . 2 . 1 . Repair Station Hacks 14 | . . . . 1 . . . . . . . . . 4 . . . . . . . . . . 5 . . . . . . 4 . . Scan Component 8 | . . . . 1 . . . . . . . . . 2 . . . . . . . . . . 3 . . . . . . 2 . . Repair 6 | . . . . . . . . . . . . . . 2 . . . . . . . . . . 2 . . . . . . 2 . . Recycling Unit Hacks 6 | . . . 1 1 . . . . . . . 1 . 1 . 1 . . . . . . . . 1 . . . . . . . . . Retrieve Components 6 | . . . 1 1 . . . . . . . 1 . 1 . 1 . . . . . . . . 1 . . . . . . . . . Scanalyzer 33 | . . . . 13 . . . . . . . . . 14 . 1 . . . . . . 1 . 1 . . . . . 2 . . 1 Insert Component 15 | . . . . 5 . . . . . . . . . 5 . 1 . . . . . . . . 1 . . . . . 2 . . 1 Analyze 15 | . . . . 6 . . . . . . . . . 9 . . . . . . . . . . . . . . . . . . . . Retrieve Study 3 | . . . . 2 . . . . . . . . . . . . . . . . . . 1 . . . . . . . . . . . Garrison Access Hacks 20 | . . . . 1 . 1 . . . . . . . 2 . 4 . 1 . . . . 4 . 5 . . . 1 . . 1 . . Unlock Access 3 | . . . . . . . . . . . . . . 1 . 1 . . . . . . . . . . . . 1 . . . . . Seal Access 12 | . . . . 1 . 1 . . . . . . . 1 . 1 . 1 . . . . 2 . 4 . . . . . . 1 . . Coupler Status 5 | . . . . . . . . . . . . . . . . 2 . . . . . . 2 . 1 . . . . . . . . . Unauthorized Hacks 77 | . 10 . 4 7 . 3 . . . . . 6 . 11 . 4 . . . . . . 7 . 9 . . . 4 . 2 9 1 . Terminals 41 | . 10 . 1 2 . 1 . . . . . 1 . 5 . 1 . . . . . . 2 . 3 . . . 4 . 2 9 . . Track 1 | . . . . . . . . . . . . 1 . . . . . . . . . . . . . . . . . . . . . . Assimilate 4 | . . . . . . . . . . . . . . 3 . . . . . . . . . . . . . . . . . 1 . . Botnet 21 | . 4 . 1 2 . 1 . . . . . . . 2 . 1 . . . . . . 2 . 3 . . . . . 2 3 . . Operators 1 | . 1 . . . . . . . . . . . . . . . . . . . . . . . . . . . . . . . . . Skim 10 | . 5 . . . . . . . . . . . . . . . . . . . . . . . . . . . . . . 5 . . Sabotage 4 | . . . . . . . . . . . . . . . . . . . . . . . . . . . . . 4 . . . . . Fabricators 20 | . . . . 1 . 2 . . . . . 4 . 5 . 1 . . . . . . 3 . 3 . . . . . . . 1 . Prioritize 3 | . . . . . . . . . . . . . . 2 . . . . . . . . . . 1 . . . . . . . . . Haulers 2 | . . . . . . 1 . . . . . . . 1 . . . . . . . . . . . . . . . . . . . . Overload 1 | . . . . . . 1 . . . . . . . . . . . . . . . . . . . . . . . . . . . . Recompile 14 | . . . . 1 . . . . . . . 4 . 2 . 1 . . . . . . 3 . 2 . . . . . . . 1 . Repair Stations 1 | . . . . . . . . . . . . . . . . . . . . . . . 1 . . . . . . . . . . . Patch 1 | . . . . . . . . . . . . . . . . . . . . . . . 1 . . . . . . . . . . . Recycling Units 14 | . . . 3 4 . . . . . . . 1 . 1 . 1 . . . . . . 1 . 3 . . . . . . . . . Monitor 1 | . . . . 1 . . . . . . . . . . . . . . . . . . . . . . . . . . . . . . Reject 2 | . . . . 1 . . . . . . . . . . . . . . . . . . . . 1 . . . . . . . . . Recyclers 6 | . . . . 1 . . . . . . . 1 . 1 . 1 . . . . . . 1 . 1 . . . . . . . . . Mask 3 | . . . 1 1 . . . . . . . . . . . . . . . . . . . . 1 . . . . . . . . . Tunnel 2 | . . . 2 . . . . . . . . . . . . . . . . . . . . . . . . . . . . . . . Scanalyzers . | . . . . . . . . . . . . . . . . . . . . . . . . . . . . . . . . . . . Garrison Access 1 | . . . . . . . . . . . . . . . . 1 . . . . . . . . . . . . . . . . . . Eject 1 | . . . . . . . . . . . . . . . . 1 . . . . . . . . . . . . . . . . . . Data Cores Recovered 3 | . 1 . . . . 1 . . . . . . . . . . . . . . . . . . . . . . 1 . . . . . Used . | . . . . . . . . . . . . . . . . . . . . . . . . . . . . . . . . . . . Hacking Detections 119 | . 8 . 6 7 . 9 . . . . . 11 . 16 1 16 3 2 . . . . 6 . 10 5 . . 2 2 4 8 2 1 Full Trace Events 15 | . . . 2 . . 2 . . . . . 1 . 2 1 2 1 . . . . . . . 1 . . . 1 . 1 . 1 . Feedback Events . | . . . . . . . . . . . . . . . . . . . . . . . . . . . . . . . . . . . Feedback Blocked . | . . . . . . . . . . . . . . . . . . . . . . . . . . . . . . . . . . . Robot Schematics Acquired 1 | . 1 . . . . . . . . . . . . . . . . . . . . . . . . . . . . . . . . . Robots Built . | . . . . . . . . . . . . . . . . . . . . . . . . . . . . . . . . . . . Authchips . | . . . . . . . . . . . . . . . . . . . . . . . . . . . . . . . . . . . Time . | . . . . . . . . . . . . . . . . . . . . . . . . . . . . . . . . . . . Total Robot Build Rating . | . . . . . . . . . . . . . . . . . . . . . . . . . . . . . . . . . . . Part Schematics Acquired 52 | . . . 1 5 . . . . . . 2 10 5 21 2 1 . . . . 4 . . . 1 . . . . . . . . . Parts Built 20 | . . . . . . 3 . . . . . . . 7 . 1 . . . . . . . . 6 . . . . . 2 . 1 . Authchips 13 | . . . . . . . . . . . . . . 6 . 1 . . . . . . 1 . 4 . . . . . 1 . . . Time 1191 | . . . . . . 304 . . . . . . . 275 . 102 . . . . . . 139 . 195 . . . . . 126 . 50 . Total Part Build Rating 120 | . . . . . . 21 . . . . . . . 44 . 8 . . . . . . . . 32 . . . . . 10 . 5 . Part Studies Acquired 3 | . . . . 2 . . . . . . . . . . . . . . . . . . 1 . . . . . . . . . . . Parts Repaired 6 | . . . . . . . . . . . . . . 2 . . . . . . . . . . 2 . . . . . . 2 . . Time 257 | . . . . . . . . . . . . . . 130 . . . . . . . . . . 47 . . . . . . 80 . . Parts Recycled . | . . . . . . . . . . . . . . . . . . . . . . . . . . . . . . . . . . . Recycled Matter . | . . . . . . . . . . . . . . . . . . . . . . . . . . . . . . . . . . . Retrieved Matter . | . . . . . . . . . . . . . . . . . . . . . . . . . . . . . . . . . . . Retrieved Components 25 | . . . 3 9 . . . . . . . 1 . 2 . 1 . . . . . . . . 9 . . . . . . . . . Parts Scanalyzed 10 | . . . . 5 . . . . . . . . . 5 . . . . . . . . . . . . . . . . . . . . Part Schematics Acquired 10 | . . . . 5 . . . . . . . . . 5 . . . . . . . . . . . . . . . . . . . . Parts Damaged 1 | . . . . . . . . . . . . . . 1 . . . . . . . . . . . . . . . . . . . . Bothacking | -11 -10 -10 -9 -7 -7 -7 -7 -7 -7 -7 -6 -6 -6 -6 -6 -6 -6 -5 -5 -5 -5 -4 -4 -4 -4 -4 -4 -4 -4 -4 -3 -3 -2 -2 ------------ Run | Yrd Mat Sub Rec Fac Was Fac Low Low Zio Dee Pro Fac Was Fac Gar Fac Gar Fac Upp Upp Zhi Pro Fac Was Fac Ext Cet Arc Hub Gar Res Qua Res Tes Used RIF Installer 3 | . . . . . . . . . . . . . . . 1 . 1 . . . . . . . . . . . . 1 . . . . Coupler Efficiency 1 | . . . . . . . . . . . . . . . . . . . . . . . . . . . . . . 1 . . . . Hotswap 1 | . . . . . . . . . . . . . . . . . 1 . . . . . . . . . . . . . . . . . Robots Hacked 23 | . . . . . . . . . . . . . . . . . . 1 . . 3 . 1 4 3 . . . . . . . 9 2 Non-combat 16 | . . . . . . . . . . . . . . . . . . 1 . . . . 1 . 3 . . . . . . . 9 2 Combat 7 | . . . . . . . . . . . . . . . . . . . . . 3 . . 4 . . . . . . . . . . Robot Hacks Applied 31 | . . . . . . . . . . . . . . . . . . 1 . . 3 . 1 4 7 . . . . . . . 13 2 parse_system 3 | . . . . . . . . . . . . . . . . . . . . . 3 . . . . . . . . . . . . . generate_anomaly 1 | . . . . . . . . . . . . . . . . . . . . . . . . . . . . . . . . . 1 . find_chute 2 | . . . . . . . . . . . . . . . . . . 1 . . . . 1 . . . . . . . . . . . map_walls 2 | . . . . . . . . . . . . . . . . . . . . . . . . . . . . . . . . . 2 . map_earth 1 | . . . . . . . . . . . . . . . . . . . . . . . . . . . . . . . . . 1 . drop_inventory 2 | . . . . . . . . . . . . . . . . . . . . . . . . . . . . . . . . . 1 1 purge_threat 4 | . . . . . . . . . . . . . . . . . . . . . . . . . 4 . . . . . . . . . locate_traps 1 | . . . . . . . . . . . . . . . . . . . . . . . . . . . . . . . . . 1 . block_reporting 2 | . . . . . . . . . . . . . . . . . . . . . . . . . 1 . . . . . . . 1 . map_route 4 | . . . . . . . . . . . . . . . . . . . . . . . . . 1 . . . . . . . 3 . mark_security 1 | . . . . . . . . . . . . . . . . . . . . . . . . . . . . . . . . . 1 . ignore_targets 4 | . . . . . . . . . . . . . . . . . . . . . . . . 4 . . . . . . . . . . formatsys_high 4 | . . . . . . . . . . . . . . . . . . . . . . . . . 1 . . . . . . . 2 1 Relay Couplers Released 85 | . . . . . . . . . . . . . . . 19 3 22 4 . . . . 4 . 4 . . . 4 19 6 . . . Ejected 3 | . . . . . . . . . . . . . . . . 3 . . . . . . . . . . . . . . . . . . Machine Destruction 63 | . . . . . . . . . . . . . . . 19 . 18 4 . . . . . . . . . . . 16 6 . . . Programmers 19 | . . . . . . . . . . . . . . . . . 4 . . . . . 4 . 4 . . . 4 3 . . . . Attached 5 | . . . . . . . . . . . . . . . . 1 . . . . . . 1 . . . . . . . . . 1 2 Fabnet Peak Effective % . | . . . . . . . . . . . . . . . . . . . . . . . . . . . . . . . . . . . Robots Rewired 37 | . . . . . . . . 1 . . . . . . 2 . 8 2 2 2 . . . . . 18 . . . 2 . . . . Allies Hacked 2 | . . . . . . . . . . . . . . 1 . . . . . . . . . . 1 . . . . . . . . . Hacks Repelled . | . . . . . . . . . . . . . . . . . . . . . . . . . . . . . . . . . . . Allies | -11 -10 -10 -9 -7 -7 -7 -7 -7 -7 -7 -6 -6 -6 -6 -6 -6 -6 -5 -5 -5 -5 -4 -4 -4 -4 -4 -4 -4 -4 -4 -3 -3 -2 -2 -------- Run | Yrd Mat Sub Rec Fac Was Fac Low Low Zio Dee Pro Fac Was Fac Gar Fac Gar Fac Upp Upp Zhi Pro Fac Was Fac Ext Cet Arc Hub Gar Res Qua Res Tes Total Allies 116 | . . . . . 19 . . 1 1 . . . 19 2 3 . 8 2 2 2 . . . 18 1 28 5 . . 2 . . 2 1 Largest Group 24 | . . . . . 19 16 . 1 1 1 1 . 19 19 2 1 7 7 2 2 2 . . 18 14 24 9 9 8 2 . . 2 1 Highest-Rated Group 1078 | . . . . . 475 391 . 85 99 99 87 . 684 677 89 62 404 404 59 59 58 . . 656 501 1078 641 641 606 238 . . 57 45 Highest-Rated Ally 159 | . . . . . 35 31 . 85 99 99 87 . 50 50 62 62 119 119 30 30 29 . . 50 47 159 152 96 96 119 . . 31 45 Total Orders 10 | . . . . . . . . 5 . . . . . . . . . 2 . . . . . . . . . . 2 . . . 1 . STAY 5 | . . . . . . . . 3 . . . . . . . . . 1 . . . . . . . . . . 1 . . . . . ROAM 1 | . . . . . . . . . . . . . . . . . . . . . . . . . . . . . . . . . 1 . FOLLOW 4 | . . . . . . . . 2 . . . . . . . . . 1 . . . . . . . . . . 1 . . . . . Ally Attacks 1017 | . . . . . . 86 . 9 4 64 1 . 61 213 29 . 5 52 3 14 5 . . 151 100 157 1 4 50 8 . . . . Total Damage 29141 | . . . . . . 1443 . 128 86 3711 53 . 2223 3926 714 . 175 2221 38 138 58 . . 4066 1881 4179 23 141 3427 510 . . . . Kills 179 | . . . . . . 11 . 2 4 25 . . 5 31 8 . . 14 1 1 . . . 8 15 30 . 1 16 7 . . . . Allies Corrupted 7 | . . . . . . 1 . . . . . . . 1 . . . 1 . . . . . . . 1 . . 3 . . . . . Allies Melted 3 | . . . . . . . . . . . . . . 1 . . . 2 . . . . . . . . . . . . . . . . Intel | -11 -10 -10 -9 -7 -7 -7 -7 -7 -7 -7 -6 -6 -6 -6 -6 -6 -6 -5 -5 -5 -5 -4 -4 -4 -4 -4 -4 -4 -4 -4 -3 -3 -2 -2 ------- Run | Yrd Mat Sub Rec Fac Was Fac Low Low Zio Dee Pro Fac Was Fac Gar Fac Gar Fac Upp Upp Zhi Pro Fac Was Fac Ext Cet Arc Hub Gar Res Qua Res Tes Active Infowar (turns) 32444 | 5 1799 2435 . 2170 489 658 1799 1288 227 . 261 581 . 1371 2 1292 5 429 553 1093 531 560 1048 745 2209 903 250 859 436 619 2253 2679 2344 551 Optics 11233 | . . . . . . . . . . . . 424 . . . . . . . . . . . . 1065 903 250 859 436 619 2253 2679 1745 . Sensors 23616 | . . 154 . 2170 489 658 1799 1288 225 . 261 560 . 1371 . 1292 3 426 553 1093 531 560 1048 745 1740 657 . 97 378 . 988 2504 1541 485 Zeronet 424 | . . . . . . . . . . . . . . . . . . . . . . . . . 266 158 . . . . . . . . Terrain 1 | . . . . . . . . . . . . . . . . . . . . . . . . . . . . . . . 1 . . . Structural 4728 | . . . . . . . . . . . . . . . . 805 2 295 . . . . 529 . . . . . . . 446 749 1422 480 Seismic 4085 | 5 1799 2281 . . . . . . . . . . . . . . . . . . . . . . . . . . . . . . . . Cloaking 124 | . . . . . . . . . . . . . . . . . . . . . . . . . . . . . . . . . 1 123 Spoofing 2 | . . . . . . . . . . . . . . . 2 . . . . . . . . . . . . . . . . . . . Jamming 72 | . . . . . . . . . 2 . . . . . . . . . . . . . 2 . 2 . . . . . . . . 66 ECM 2 | . . . . . . . . . . . . . . . . . . . . . . . . . 2 . . . . . . . . . Robot Analysis Total 6 | . 1 . . . . 1 . . . . . . . . . . . . . . 4 . . . . . . . . . . . . . Derelict Logs Recovered 10 | . . 1 . . . . 1 1 2 . 1 . . . . . . . 2 1 . 1 . . . . . . . . . . . . Drone Launches . | . . . . . . . . . . . . . . . . . . . . . . . . . . . . . . . . . . . Drone Recoveries . | . . . . . . . . . . . . . . . . . . . . . . . . . . . . . . . . . . . Exploration | -11 -10 -10 -9 -7 -7 -7 -7 -7 -7 -7 -6 -6 -6 -6 -6 -6 -6 -5 -5 -5 -5 -4 -4 -4 -4 -4 -4 -4 -4 -4 -3 -3 -2 -2 ------------- Run | Yrd Mat Sub Rec Fac Was Fac Low Low Zio Dee Pro Fac Was Fac Gar Fac Gar Fac Upp Upp Zhi Pro Fac Was Fac Ext Cet Arc Hub Gar Res Qua Res Tes Turns Passed 56560 | 88 1880 4553 4552 2301 621 1035 2040 1414 4359 1855 767 1024 644 2006 1014 1319 1265 2779 556 1093 531 560 1431 745 2603 903 250 859 436 619 2253 2679 4005 1521 Spaces Moved 50417 | 51 1092 2048 2097 1415 428 1012 2134 1605 4294 1956 517 1325 622 2581 1149 2292 811 3569 819 955 371 548 908 432 2414 688 154 192 574 826 3441 1740 4818 539 Core 374 | 1 . . 373 . . . . . . . . . . . . . . . . . . . . . . . . . . . . . . . Treads 17443 | . 4 105 285 252 47 122 . . 269 1546 . . 59 207 1149 297 1 3569 819 304 . . 83 235 1330 688 154 192 574 826 3441 543 69 273 Legs 6418 | . . . . 253 . . . . 2735 410 517 1182 390 . . . . . . . . . . . . . . . . . . . 931 . Wheels 4633 | 50 1088 1943 1439 113 . . . . . . . . . . . . . . . . . . . . . . . . . . . . . . Hover 6293 | . . . . 77 . . 34 1605 1290 . . 143 . . . . . . . . . . . 136 1084 . . . . . . . 1830 94 Flight 15256 | . . . . 720 381 890 2100 . . . . . 173 2374 . 1995 810 . . 651 371 548 825 61 . . . . . . . 1197 1988 172 Fastest Speed 38 | 50 80 140 50 87 87 63 53 53 43 43 43 43 47 47 47 47 44 47 47 47 94 94 71 72 45 45 45 45 45 45 45 52 38 112 Average Speed 68 | 79 108 183 139 129 88 68 62 53 45 43 43 48 63 47 47 47 85 47 47 79 94 94 99 131 53 46 66 45 45 45 45 64 58 150 Slowest Speed 480 | 80 160 480 175 218 105 105 63 53 53 43 43 107 107 47 47 47 94 94 47 131 94 94 265 265 108 92 92 45 45 45 140 140 247 247 Overloaded Moves 1748 | . . . . . . . . . . . . . . . . . 58 . . . . . 455 . . . . . . . . . 1235 . Propulsion Burnouts . | . . . . . . . . . . . . . . . . . . . . . . . . . . . . . . . . . . . Robots Hopped 39 | . . . . . . 17 1 . . . . . . 6 . 4 . . . . . . 7 . . 1 . . . . . . 3 . Potential Cave-ins 8 | . . . . . . . . . . . . . . . . . . . . . . . . . 3 . . . . . . . 1 4 Cave-ins Triggered . | . . . . . . . . . . . . . . . . . . . . . . . . . . . . . . . . . . . Teleports 1 | . . . . . . . . . . . . . . . . . . . . . . . . . . . . . . . . . 1 . Exploration Rate (%) 72 | 3 99 58 85 33 95 24 96 98 92 89 61 41 95 51 98 65 86 92 96 95 77 69 28 97 47 85 60 87 40 88 90 96 89 27 Regions Visited 34 Branch Regions 17 Pre-discovered Areas 10 | . 1 1 2 . . . . 1 . . . . . . . . . . 2 . 3 . . . . . . . . . . . . . Known Exits Taken 19 | . 1 . . . . 1 1 1 . . . . . 1 . 1 . 1 1 1 1 1 . . 1 1 1 1 1 . 1 1 1 . Unknown Exits Taken 6 | 1 . 1 1 . . . . . 1 1 1 . . . . . . . . . . . . . . . . . . . . . . . Scrap Searched 27 | . . 8 . . . . 2 2 3 . 3 . . . . . . . 3 5 . 1 . . . . . . . . . . . . Spaces Dug 221 | . . 5 2 3 . . . . 2 1 3 23 . 15 1 19 3 3 2 5 5 . 12 . 25 3 . . 2 . 20 19 40 8 Terrain Destroyed 2610 | . 31 68 15 80 . 23 52 6 323 15 6 93 1 25 122 87 124 176 23 55 9 19 118 . 137 34 16 4 203 82 140 100 283 140 Melee 37 | . . . . 3 . . . . . . . . . 10 1 10 . . . . . . 5 . . . . . . . . 3 2 3 Projectile 998 | . . 5 15 11 . . . 6 44 8 6 52 1 15 18 18 17 13 3 15 9 19 62 . 101 34 16 4 50 61 121 51 210 13 AOE 1430 | . 31 63 . 66 . 23 52 . 279 7 . 41 . . 103 59 107 163 . 16 . . 51 . 36 . . . 153 21 19 46 71 23 Terrain Rammed . | . . . . . . . . . . . . . . . . . . . . . . . . . . . . . . . . . . . Walls Destroyed . | . . . . . . . . . . . . . . . . . . . . . . . . . . . . . . . . . . . Machines Disabled . | . . . . . . . . . . . . . . . . . . . . . . . . . . . . . . . . . . . Actions | -11 -10 -10 -9 -7 -7 -7 -7 -7 -7 -7 -6 -6 -6 -6 -6 -6 -6 -5 -5 -5 -5 -4 -4 -4 -4 -4 -4 -4 -4 -4 -3 -3 -2 -2 --------- Run | Yrd Mat Sub Rec Fac Was Fac Low Low Zio Dee Pro Fac Was Fac Gar Fac Gar Fac Upp Upp Zhi Pro Fac Was Fac Ext Cet Arc Hub Gar Res Qua Res Tes Total 68957 | 72 1639 2659 3636 1777 612 1283 2772 2095 6162 2879 1052 1583 851 3233 1511 2448 1288 4483 969 1256 534 579 1296 602 3501 1261 302 963 750 1045 4107 3089 5686 982 Wait 12734 | . 363 311 1395 222 121 162 503 382 1262 763 521 56 188 473 218 63 181 510 93 248 122 15 236 149 708 401 115 752 56 83 378 1110 396 178 Move 50318 | 50 1091 2047 2096 1415 427 982 2131 1604 4293 1955 516 1325 621 2569 1148 2284 810 3568 818 954 370 547 895 431 2413 686 153 191 574 825 3440 1739 4811 539 Hop 33 | . . . . . . 12 1 . . . . . . 6 . 4 . . . . . . 6 . . 1 . . . . . . 3 . Pick Up 354 | 4 16 22 25 17 2 8 3 5 35 9 1 13 6 23 8 7 2 31 1 1 5 . 6 3 21 1 2 1 7 7 6 8 23 25 Fast Attach 275 | 7 1 . 5 4 2 2 1 . 9 17 . 6 7 8 4 7 4 34 1 3 5 1 13 5 32 8 4 6 10 6 19 11 24 9 Attach 169 | . 2 7 3 1 1 2 1 2 7 6 1 15 5 8 2 3 4 21 2 . 3 . 8 . 16 1 . . 2 1 5 4 22 14 Detach 73 | . 1 1 2 . 1 2 1 . 1 2 . 7 3 4 . . 3 11 1 . 1 . 3 1 9 1 . . 2 . 3 1 8 4 Swap 398 | . 33 53 6 11 2 10 35 23 15 5 4 19 3 16 7 7 3 17 7 6 4 3 6 . 31 1 . 1 12 5 13 4 29 7 Drop 453 | . 3 27 23 7 1 4 5 6 24 25 1 13 8 21 10 11 4 49 5 6 8 1 13 6 36 3 6 5 16 12 22 16 27 29 Fire 3348 | 11 82 160 79 94 55 54 42 63 510 91 7 120 5 54 102 43 86 220 16 31 9 12 72 4 229 61 22 7 69 69 215 188 326 140 Melee 198 | . . . . 4 . . . . . . . . 5 51 4 19 3 6 3 1 7 . 38 3 1 . . . . 16 3 6 4 24 Ram . | . . . . . . . . . . . . . . . . . . . . . . . . . . . . . . . . . . . Kick 9 | . . . . 1 . . . . . . . 8 . . . . . . . . . . . . . . . . . . . . . . Crush 12 | . . . . 1 . . . . . . . . . . . . . 2 . . . . . . 5 . . . . . 3 . . 1 Escape Stasis 130 | . . . . . . . . . . . . . . . . . 103 . . . . . . . . . . . . . . 2 13 12 Rewire 286 | . . . . . . . 36 5 . . . . . . 8 . 85 14 22 6 . . . . . 89 . . . 21 . . . . Trap 156 | . 47 31 2 . . 44 13 5 6 6 1 1 . . . . . . . . . . . . . . . . . . . . . . Miscellaneous 11 | . . . . . . 1 . . . . . . . . . . . . . . . . . . . 8 . . 2 . . . . . Route ------- -11/Scrapyard -10/Materials (discovered 6 exits: [*Mat x3] / [*Min x2] / *Sub) -10/Subcaves (discovered 3 exits: [*Mat x2] / *Rec) -9/Recycling -7/Factory -7/Waste -7/Factory (discovered 2 exits: *Low x2) -7/Lower Caves -7/Lower Caves (discovered 2 exits: *Fac / *Zio) -7/Zion (discovered 2 exits: [*Dee] / *Pro) -7/Deep Caves -6/Proximity Caves -6/Factory (discovered 3 exits: *Fac x2 / *Low) -6/Waste -6/Factory (discovered 5 exits: *Fac x2 / Low x2 / Gar) -6/Garrison (discovered 3 exits: *Fac x3) -6/Factory (discovered 5 exits: *Fac x3 / *Low / Gar) -6/Garrison (discovered 3 exits: *Fac x3) -5/Factory (discovered 6 exits: *Fac x4 / *Upp x2) -5/Upper Caves -5/Upper Caves (discovered 2 exits: *Fac / *Zhi) -5/Zhirov -4/Proximity Caves -4/Factory (discovered 5 exits: Upp x2 / Ext x2 / Arm) -4/Waste -4/Factory (discovered 6 exits: *Res / Upp x2 / *Ext x2 / Arm) -4/Extension (discovered 2 exits: *Res / *Cet) -4/Cetus (discovered 2 exits: *Res / *Arc) -4/Archives (discovered 3 exits: *Res / *Hub x2) -4/Hub_04(d) (discovered 3 exits: *Res x2 / Gar) -4/Garrison (discovered 3 exits: *Res x3) -3/Research (discovered 4 exits: *Res x3 / *Qua) -3/Quarantine -2/Research (discovered 4 exits: *Acc x2 / *Tes x2) -2/Testing History --------- Turn | Location | Event 18 | -11/Scrapyard | Discovered new exit (range 15) 89 | -11/Scrapyard | Entered Materials 283 | -10/Materials | Discovered new exit (range 8) 313 | -10/Materials | Build established: Mutant 464 | -10/Materials | Discovered new exit (range 8) 723 | -10/Materials | Discovered new exit (range 12) 1024 | -10/Materials | Discovered new exit (range 11) 1221 | -10/Materials | Discovered new exit (range 16) 1522 | -10/Materials | Central database locked down 1596 | -10/Materials | Identified exit to Subcaves 1661 | -10/Materials | Learned location of 3 exits from Materials 1791 | -10/Materials | Learned Storage emergency access door positions 1814 | -10/Materials | Learned location of 3 exits from Materials 1880 | -10/Materials | Loaded intel: 12 trap records 1921 | -10/Materials | Learned location of Storage (-9) 1969 | -10/Materials | Entered Subcaves 1970 | -10/Subcaves | Approached by a straggling Scientist 2027 | -10/Subcaves | Discovered new exit (range 14) 2134 | -10/Subcaves | Disturbed a concealed Subdweller 3034 | -10/Subcaves | Visited Clippyterm 3039 | -10/Subcaves | Learned Research machine intel 3183 | -10/Subcaves | Shifting Twisted Machinery released Battle Cannon 3188 | -10/Subcaves | Shifting Twisted Machinery released Flamer 3513 | -10/Subcaves | Discovered new exit (range 15) 3555 | -10/Subcaves | Discovered new exit (range 10) 4075 | -10/Subcaves | A swath of the cavern ceiling suddenly collapsed 4509 | -10/Subcaves | Visited 4L-MR0's lab 4549 | -10/Subcaves | Found Gun Armor 4684 | -10/Subcaves | Core integrity fell below 50% 5727 | -10/Subcaves | Core integrity fell below 20% 5991 | -10/Subcaves | Found SUBCON Basin 6522 | -10/Subcaves | Entered Recycling 6792 | -9/Recycling | Scanned before Scraplab entrance 6823 | -9/Recycling | Entered Scraplab 6909 | -9/Recycling | Angered Scraplab inhabitants 8404 | -9/Recycling | Found Prototype Device 8404 | -9/Recycling | Identified Scrap Engine 8566 | -9/Recycling | Discovered new exit (range 16) 8967 | -9/Recycling | Build established: Construct 11074 | -9/Recycling | Entered Factory 11074 | -7/Factory | Evolved 6 slots: Propulsion x2, Utility x3, Weapon x1 12416 | -7/Factory | Cargo convoy interrupted 13375 | -7/Factory | Manually triggered Chute Trap 13375 | -7/Factory | Sucked down chute 13375 | -7/Factory | Entered Waste 13382 | -7/Waste | Spotted C-40 Crusher 13394 | -7/Waste | Destroyed C-40 Crusher 13400 | -7/Waste | Destroyed C-40 Crusher 13438 | -7/Waste | Spotted C-40 Crusher 13448 | -7/Waste | Spotted C-40 Crusher 13456 | -7/Waste | Spotted C-40 Crusher 13519 | -7/Waste | Destroyed C-40 Crusher 13529 | -7/Waste | Spotted C-40 Crusher 13539 | -7/Waste | Crushed by Compactor (1 part destroyed, 1 dropped) 13563 | -7/Waste | Destroyed C-40 Crusher 13590 | -7/Waste | Destroyed C-40 Crusher 13601 | -7/Waste | Destroyed C-40 Crusher 13636 | -7/Waste | Discovered new exit (range 12) 13728 | -7/Waste | Warlord forces began an assault 13970 | -7/Waste | Identified exit to Factory 13996 | -7/Waste | Entered Factory 13996 | -7/Factory | Accompanied by 16 allies 14255 | -7/Factory | Lost 4 allies 14452 | -7/Factory | Identified exit to Lower Caves 14459 | -7/Factory | Lost 3 allies 14667 | -7/Factory | Fabricated Imp. Linear Gravjet? 14796 | -7/Factory | First assault squad dispatched 15031 | -7/Factory | Entered Lower Caves 15033 | -7/Lower Caves | Attracted the attention of an 0b10 checkpoint 16084 | -7/Lower Caves | Discovered new exit (range 10) 16089 | -7/Lower Caves | Identified exit to Lower Caves 16465 | -7/Lower Caves | Attracted the attention of an 0b10 base 16654 | -7/Lower Caves | Build established: Trapper-Construct 17071 | -7/Lower Caves | Entered another Lower Caves area 17087 | -7/Lower Caves | Learned location of Extension (-4) 17106 | -7/Lower Caves | Discovered new exit (range 10) 17363 | -7/Lower Caves | Spotted B-75 Beast 17434 | -7/Lower Caves | Rewired B-75 Beast 17668 | -7/Lower Caves | Build established: Construct 17747 | -7/Lower Caves | Destroyed Beast 4a 17816 | -7/Lower Caves | Attracted the attention of an 0b10 checkpoint 18069 | -7/Lower Caves | Found Prototype Device 18082 | -7/Lower Caves | Discovered new exit (range 16) 18095 | -7/Lower Caves | Identified exit to Zion 18251 | -7/Lower Caves | Build established: Trapper-Construct 18485 | -7/Lower Caves | Entered Zion 18514 | -7/Zion | System corruption cleaned by Quarantine Array 18523 | -7/Zion | Discovered new exit (range 15) 18696 | -7/Zion | Attacked by Zionites 18696 | -7/Zion | Spotted D6-OMR(B) 18696 | -7/Zion | Spotted V6-V85(B) 18745 | -7/Zion | Identified exit to Proximity Caves 18746 | -7/Zion | AD-0RF came to Zion's defense 18817 | -7/Zion | Core integrity fell below 50% 18824 | -7/Zion | Destroyed AD-0RF 18900 | -7/Zion | Found CR-A16's Pointy Stick 18947 | -7/Zion | Found Prototype Processor 18948 | -7/Zion | Identified Exp. Targeting Computer 19462 | -7/Zion | Learned location of 1 exit from Factory 19909 | -7/Zion | Discovered new exit (range 3) 19909 | -7/Zion | Saw the warning signs outside the Deep Caves entrance 20425 | -7/Zion | Found Prototype Processor 20427 | -7/Zion | Found Prototype Hackware 20455 | -7/Zion | Found Prototype Processor 20456 | -7/Zion | Found Prototype Processor 20458 | -7/Zion | Found Prototype Processor 20520 | -7/Zion | Identified Exp. Melee Analysis Suite (x2) 20599 | -7/Zion | Identified Exp. System Shield 20601 | -7/Zion | Identified Exp. Armor Integrity Analyzer 20672 | -7/Zion | Identified Exp. Terrain Scan Processor 20918 | -7/Zion | Identified Heart of Steel 21215 | -7/Zion | Build established: Construct 22288 | -7/Zion | Heart of Steel transformed into Warbot 22844 | -7/Zion | Entered Deep Caves 22844 | -7/Deep Caves | Accompanied by 1 ally (Warbot) 22955 | -7/Deep Caves | Build established: Trapper-Construct 23012 | -7/Deep Caves | Attacked by Z-Imprinter 23041 | -7/Deep Caves | Allies destroyed Z-Imprinter 23046 | -7/Deep Caves | Found Prototype Protection 23046 | -7/Deep Caves | Identified Zio. Weapon Casing 23165 | -7/Deep Caves | Z-Facility disabled 23242 | -7/Deep Caves | Found Prototype Protection 23242 | -7/Deep Caves | Identified Zio. Heavy Carapace 23267 | -7/Deep Caves | Found Zio. Heavy Carapace 23298 | -7/Deep Caves | Build established: Construct 23449 | -7/Deep Caves | Discovered new exit (range 6) 23582 | -7/Deep Caves | Spotted Golem 23724 | -7/Deep Caves | Spotted Golem 23726 | -7/Deep Caves | Core integrity fell below 20% 23758 | -7/Deep Caves | Found GOLEM Unit 23777 | -7/Deep Caves | Found Prototype Energy Cannon 23778 | -7/Deep Caves | Triggered Deep Caves wall 23778 | -7/Deep Caves | Spotted Assembler 23780 | -7/Deep Caves | Exposed GOLEM chamber 23807 | -7/Deep Caves | Spotted Assembler 23807 | -7/Deep Caves | Destroyed Assembler 23818 | -7/Deep Caves | Destroyed 31 combat bots 23818 | -7/Deep Caves | Destroyed Assembler 23850 | -7/Deep Caves | Lost 4 parts (1p2u1w) 23980 | -7/Deep Caves | Identified Latent Energy Streamer 24699 | -7/Deep Caves | Entered Proximity Caves 24699 | -6/Proximity Caves | Accompanied by 1 ally (Warbot) 24766 | -6/Proximity Caves | Found Alien Artifact 24885 | -6/Proximity Caves | Learned Factory trap positions 24958 | -6/Proximity Caves | Discovered new exit (range 4) 25117 | -6/Proximity Caves | Tech Extrapolator generated special schematic: Electrostorm Shotgun 25466 | -6/Proximity Caves | Entered Factory 25466 | -6/Factory | Evolved 2 slots: Utility x2 25467 | -6/Factory | Identified exit to Factory 25468 | -6/Factory | Loaded intel: 95 trap records 25489 | -6/Factory | Tech Extrapolator generated special schematic: Deep Structural Scanner 25672 | -6/Factory | Spotted B-75 Beast 25776 | -6/Factory | Tech Extrapolator generated special schematic: Energy Deflector 25859 | -6/Factory | Discovered exit to Factory (range 21) 25894 | -6/Factory | Discovered new exit (range 8) 26109 | -6/Factory | Destroyed 7 combat bots 26127 | -6/Factory | Cargo convoy interrupted 26334 | -6/Factory | Found Prototype Hackware 26414 | -6/Factory | Identified Exp. Hacking Suite 26422 | -6/Factory | Watched by a mysterious "MATRIX" hacker 26490 | -6/Factory | Sucked down chute 26490 | -6/Factory | Entered Waste 26508 | -6/Waste | Spotted C-40 Crusher 26516 | -6/Waste | Spotted C-40 Crusher 26519 | -6/Waste | Destroyed C-40 Crusher 26530 | -6/Waste | Spotted C-40 Crusher 26591 | -6/Waste | Crushed by Compactor (0 parts destroyed, 2 dropped) 26620 | -6/Waste | Spotted C-40 Crusher 26628 | -6/Waste | Discovered new exit (range 16) 26628 | -6/Waste | Spotted C-40 Crusher 26633 | -6/Waste | Spotted C-40 Crusher 26639 | -6/Waste | Warlord forces began an assault 26643 | -6/Waste | Allies destroyed C-40 Crusher 26647 | -6/Waste | Allies destroyed C-40 Crusher 26663 | -6/Waste | Allies destroyed C-40 Crusher 26667 | -6/Waste | Allies destroyed C-40 Crusher 26691 | -6/Waste | Found Broken Gamma Bomb Array 26941 | -6/Waste | Build established: Hacker-Construct 27016 | -6/Waste | Found Damper Plating 27134 | -6/Waste | Entered Factory 27134 | -6/Factory | Accompanied by 19 allies 27249 | -6/Factory | Tech Extrapolator generated special schematic: Machine Rigger 27292 | -6/Factory | Repaired Broken Exp. Cooling System? 27377 | -6/Factory | Lost 3 allies 27399 | -6/Factory | Repaired Gamma Bomb Array? 27466 | -6/Factory | Identified exit to Lower Caves 27484 | -6/Factory | First assault squad dispatched 27551 | -6/Factory | Fabricated Deep Structural Scanner? 27620 | -6/Factory | Fabricated Electrostorm Shotgun (x1) 27850 | -6/Factory | Build established: Construct 27991 | -6/Factory | Garrison activated, responded to threat 28012 | -6/Factory | Lost 3 allies 28311 | -6/Factory | Discovered exit to Factory (range 5) 28332 | -6/Factory | Discovered exit to Factory (range 5) 28405 | -6/Factory | Spotted B-75 Beast 28407 | -6/Factory | Core integrity fell below 50% 28431 | -6/Factory | Revealed the true nature of CR-A16's Pointy Stick 28434 | -6/Factory | Destroyed B-75 Beast 28480 | -6/Factory | Fabricated Electrostorm Shotgun (x1) 28516 | -6/Factory | Fabricated Electrostorm Shotgun (x1) 28531 | -6/Factory | Fabricated Multitool (x1) 28551 | -6/Factory | Fabricated Lrn. Sensor Array (x2) 28589 | -6/Factory | Found Launcher Loader 29140 | -6/Factory | Identified exit to Garrison 29140 | -6/Factory | Entered Garrison 29154 | -6/Garrison | Garrison Relay disabled 29181 | -6/Garrison | Triggered checkpoint 29278 | -6/Garrison | Triggered checkpoint 29288 | -6/Garrison | Triggered checkpoint 29362 | -6/Garrison | Garrison Relay disabled 29388 | -6/Garrison | Discovered new exit (range 10) 29394 | -6/Garrison | Installed Relay Interface Framework 29398 | -6/Garrison | Identified exit to Factory 29422 | -6/Garrison | Triggered checkpoint 29632 | -6/Garrison | Triggered checkpoint 29674 | -6/Garrison | Garrison Relay disabled 29679 | -6/Garrison | Garrison Relay disabled 29731 | -6/Garrison | Destroyed 7 combat bots 29738 | -6/Garrison | Triggered checkpoint 29744 | -6/Garrison | Discovered exit to Factory (range 12) 29952 | -6/Garrison | Found Relay Coupler [Proto] 29953 | -6/Garrison | Found Relay Coupler [Proto] 30004 | -6/Garrison | Found embedded Infiltrators 30009 | -6/Garrison | Discovered exit to Factory (range 12) 30095 | -6/Garrison | Garrison Relay disabled 30154 | -6/Garrison | Entered Factory 30154 | -6/Factory | Accompanied by 1 ally 30271 | -6/Factory | Discovered exit to Factory (range 15) 30504 | -6/Factory | First assault squad dispatched 30569 | -6/Factory | Identified Dimensional Node Initializer 30904 | -6/Factory | Spotted B-75 Beast 30922 | -6/Factory | Destroyed B-75 Beast 30996 | -6/Factory | Discovered exit to Lower Caves (range 10) 31165 | -6/Factory | Discovered exit to Factory (range 9) 31183 | -6/Factory | Discovered exit to Factory (range 10) 31305 | -6/Factory | Fabricated Electrostorm Shotgun (x1) 31386 | -6/Factory | Core integrity fell below 20% 31473 | -6/Factory | Identified exit to Garrison 31473 | -6/Factory | Entered Garrison 31482 | -6/Garrison | Attached Gun Armor, gained temporary slots: Weapon x2 31494 | -6/Garrison | Garrison Relay disabled 31547 | -6/Garrison | Triggered checkpoint 31639 | -6/Garrison | Triggered checkpoint 31691 | -6/Garrison | Destroyed 8 combat bots 31693 | -6/Garrison | Discovered exit to Factory (range 9) 31733 | -6/Garrison | Triggered checkpoint 31795 | -6/Garrison | Garrison Relay disabled 31910 | -6/Garrison | Triggered checkpoint 31946 | -6/Garrison | Destroyed 15 combat bots 31973 | -6/Garrison | Triggered checkpoint 31981 | -6/Garrison | Garrison Relay disabled 32045 | -6/Garrison | Discovered exit to Factory (range 10) 32067 | -6/Garrison | Expanded RIF knowledge: Hotswap 32073 | -6/Garrison | Triggered checkpoint 32111 | -6/Garrison | Phase Generator disabled 32261 | -6/Garrison | Triggered checkpoint 32288 | -6/Garrison | Garrison Relay disabled 32517 | -6/Garrison | Triggered checkpoint 32532 | -6/Garrison | Garrison Relay disabled 32548 | -6/Garrison | Spotted Executioner 32549 | -6/Garrison | Spotted Striker 32555 | -6/Garrison | Destroyed Striker 32559 | -6/Garrison | Destroyed Executioner 32581 | -6/Garrison | Found Prototype Processor 32581 | -6/Garrison | Identified Exp. Core Analyzer 32590 | -6/Garrison | Rewired Executioner 32600 | -6/Garrison | Rewired Striker 32617 | -6/Garrison | Discovered exit to Factory (range 5) 32738 | -6/Garrison | Entered Factory 32738 | -5/Factory | Accompanied by 7 allies 32738 | -5/Factory | Evolved 2 slots: Power x1, Utility x1 32795 | -5/Factory | High security lockdown imminent 32796 | -5/Factory | Build established: Commander-Construct 32875 | -5/Factory | High security lockdown engaged 33130 | -5/Factory | Lost 6 allies 33199 | -5/Factory | Destroyed 8 combat bots 33391 | -5/Factory | Build established: Construct 33391 | -5/Factory | Lost 4 parts (2u2w) 33417 | -5/Factory | Destroyed 32 combat bots 33583 | -5/Factory | System corruption reached 10% 33608 | -5/Factory | Destroyed 24 combat bots 33615 | -5/Factory | Lost 3 parts (2u1w) 33800 | -5/Factory | Destroyed 7 combat bots 33877 | -5/Factory | Destroyed 12 combat bots 33976 | -5/Factory | Sterilization system engaged 33976 | -5/Factory | Non-combat units ordered to evacuate 33987 | -5/Factory | Build established: Scavenger-Construct 34029 | -5/Factory | Destroyed 16 combat bots 34076 | -5/Factory | Combat units ordered to evacuate 34118 | -5/Factory | Lost 4 parts (2u2w) 34119 | -5/Factory | Destroyed 14 combat bots 34276 | -5/Factory | Ambient heat levels rising (+10) 34308 | -5/Factory | Found Imp. Powered Armor 34426 | -5/Factory | Ambient heat levels rising (+10) 34447 | -5/Factory | Discovered new exit (range 8) 34450 | -5/Factory | Identified exit to Upper Caves 34576 | -5/Factory | Ambient heat levels rising (+10) 34581 | -5/Factory | Discovered new exit (range 4) 34582 | -5/Factory | Identified exit to Factory 34726 | -5/Factory | Ambient heat levels rising (+10) 34876 | -5/Factory | Ambient heat levels rising (+10) 34876 | -5/Factory | Discovered exit to Upper Caves (range 7) 35026 | -5/Factory | Ambient heat levels rising (+10) 35055 | -5/Factory | Discovered exit to Factory (range 15) 35062 | -5/Factory | Discovered exit to Factory (range 16) 35076 | -5/Factory | Found Prototype Launcher 35076 | -5/Factory | Identified Tesla Bomb Launcher 35130 | -5/Factory | Found Hvy. Reactive Plating 35176 | -5/Factory | Ambient heat levels rising (+10) 35326 | -5/Factory | Ambient heat levels rising (+10) 35364 | -5/Factory | Discovered exit to Factory (range 5) 35476 | -5/Factory | Ambient heat levels rising (+10) 35517 | -5/Factory | Entered Upper Caves 35541 | -5/Upper Caves | Attracted the attention of an 0b10 outpost 35576 | -5/Upper Caves | Destroyed 7 combat bots 35810 | -5/Upper Caves | Build established: Construct 35819 | -5/Upper Caves | Spotted B-75 Beast 35844 | -5/Upper Caves | Destroyed B-75 Beast 35861 | -5/Upper Caves | Encountered a Warlord checkpoint 35896 | -5/Upper Caves | Learned location of Armory (-4) 35912 | -5/Upper Caves | Discovered new exit (range 13) 35952 | -5/Upper Caves | Attracted the attention of an 0b10 checkpoint 35982 | -5/Upper Caves | Identified exit to Upper Caves 36073 | -5/Upper Caves | Entered another Upper Caves area 36073 | -5/Upper Caves | Accompanied by 2 allies 36107 | -5/Upper Caves | Encountered a Warlord checkpoint 36124 | -5/Upper Caves | Discovered exit to Factory (range 5) 36195 | -5/Upper Caves | Spotted B-75 Beast 36216 | -5/Upper Caves | Destroyed B-75 Beast 36454 | -5/Upper Caves | Attracted the attention of an 0b10 checkpoint 36508 | -5/Upper Caves | Ambushed by wild Derelicts 36564 | -5/Upper Caves | Discovered new exit (range 3) 36566 | -5/Upper Caves | Identified exit to Zhirov 36652 | -5/Upper Caves | Attracted the attention of an 0b10 outpost 36739 | -5/Upper Caves | Learned Factory machine intel 36914 | -5/Upper Caves | Found DCF Scrap (13 items) 37166 | -5/Upper Caves | Entered Zhirov 37166 | -5/Zhirov | Accompanied by 2 allies 37166 | -5/Zhirov | Discovered new exit (range 3) 37183 | -5/Zhirov | Met Zhirov 37204 | -5/Zhirov | Learned location of Command (-1) 37204 | -5/Zhirov | Learned location of Testing (-2) 37204 | -5/Zhirov | Learned location of Quarantine (-3) 37210 | -5/Zhirov | Zhirov requested help retrieving the SGEMP Prototype 37224 | -5/Zhirov | Found Alien Artifact 37224 | -5/Zhirov | Identified Integrated Dissipator 37224 | -5/Zhirov | Installed Integrated Dissipator, increased core heat dissipation (+20) 37244 | -5/Zhirov | Found Alien Artifact 37403 | -5/Zhirov | Cloak Generator disabled 37403 | -5/Zhirov | Attacked by Zhirov 37410 | -5/Zhirov | Zhirov warped through subspace 37413 | -5/Zhirov | Enhanced Grunts warped into view 37418 | -5/Zhirov | Zhirov detonated his lab 37449 | -5/Zhirov | Lost 6 allies 37674 | -5/Zhirov | Found Prototype Device 37674 | -5/Zhirov | Identified Exp. Thermal Shield 37694 | -5/Zhirov | Identified exit to Proximity Caves 37697 | -5/Zhirov | Entered Proximity Caves 37953 | -4/Proximity Caves | Learned Research trap positions 38128 | -4/Proximity Caves | Discovered exit to Factory (range 13) 38257 | -4/Proximity Caves | Entered Factory 38257 | -4/Factory | Evolved 2 slots: Propulsion x1, Utility x1 38258 | -4/Factory | Loaded intel: 302 machine locations 38262 | -4/Factory | Targeted by mysterious "MATRIX" hacker 38733 | -4/Factory | Garrison activated, responded to threat 38771 | -4/Factory | Destroyed 7 combat bots 38898 | -4/Factory | Spotted B-86 Titan 38909 | -4/Factory | Destroyed B-86 Titan 38918 | -4/Factory | Build established: Hacker-Construct 38956 | -4/Factory | Identified exit to Upper Caves 38956 | -4/Factory | Identified exit to Extension 38956 | -4/Factory | Identified exit to Armory 39093 | -4/Factory | Found Quantum Capacitor 39203 | -4/Factory | System corruption reached 10% 39507 | -4/Factory | First assault squad dispatched 39620 | -4/Factory | Unchained authorized (6S-H0T) 39688 | -4/Factory | Manually triggered Chute Trap 39688 | -4/Factory | Sucked down chute 39688 | -4/Factory | Entered Waste 39715 | -4/Waste | Spotted C-40 Crusher 39756 | -4/Waste | Spotted C-40 Crusher 39759 | -4/Waste | Spotted C-40 Crusher 39793 | -4/Waste | Spotted C-40 Crusher 39812 | -4/Waste | Warlord forces began an assault 39817 | -4/Waste | Allies destroyed C-40 Crusher 39843 | -4/Waste | Allies destroyed C-40 Crusher 39849 | -4/Waste | Allies destroyed C-40 Crusher 39865 | -4/Waste | Build established: Bothacker-Construct 39960 | -4/Waste | Allies destroyed C-40 Crusher 40074 | -4/Waste | Found Prototype Device 40074 | -4/Waste | Identified Exp. EM Shield 40080 | -4/Waste | Allies destroyed C-40 Crusher 40148 | -4/Waste | Discovered new exit (range 11) 40402 | -4/Waste | Identified exit to Factory 40433 | -4/Waste | Entered Factory 40433 | -4/Factory | Accompanied by 13 allies 40489 | -4/Factory | Found Prototype Processor 40489 | -4/Factory | Identified Exp. Signal Interpreter 40543 | -4/Factory | Lost 3 allies 40629 | -4/Factory | Found Prototype Device 40629 | -4/Factory | Identified Exp. ECM Suite 40742 | -4/Factory | Unchained authorized (6S-H0T) 40791 | -4/Factory | Build established: Construct 40818 | -4/Factory | Repaired Adv. Force Field? 41046 | -4/Factory | Spotted 6S-H0T 41098 | -4/Factory | Lost 6 allies 41166 | -4/Factory | Garrison activated, responded to threat 41480 | -4/Factory | Discovered exit to Extension (range 16) 41696 | -4/Factory | Spotted 6S-H0T 41701 | -4/Factory | Fabricated Electrostorm Shotgun (x1) 41765 | -4/Factory | Fabricated Electrostorm Shotgun (x1) 41808 | -4/Factory | Discovered new exit (range 4) 41809 | -4/Factory | Identified exit to Research 41946 | -4/Factory | Spotted 6S-H0T 41949 | -4/Factory | Destroyed 6S-H0T 41966 | -4/Factory | Found Prototype Processor 42125 | -4/Factory | Fabricated System Restoration Module (x2) 42180 | -4/Factory | Repaired Hcp. Storage Unit 42293 | -4/Factory | Fabricated System Restoration Module (x2) 42636 | -4/Factory | Cargo convoy interrupted 42696 | -4/Factory | Spotted Executioner 42716 | -4/Factory | Destroyed Executioner 42770 | -4/Factory | Identified Zeronet Interface 42798 | -4/Factory | Build established: Bothacker-Construct 42821 | -4/Factory | Found Prototype Device 42821 | -4/Factory | Identified Thermal Barrier 42907 | -4/Factory | Found Quantum Capacitor 43036 | -4/Factory | Entered Extension 43050 | -4/Extension | Rescued a captive Derelict 43081 | -4/Extension | Rescued A7 43098 | -4/Extension | Rescued a captive Derelict 43099 | -4/Extension | Rescued a captive Derelict 43242 | -4/Extension | Rescued a captive Derelict 43246 | -4/Extension | Rescued a captive Derelict 43265 | -4/Extension | Rescued a captive Derelict 43266 | -4/Extension | Rescued a captive Derelict 43406 | -4/Extension | Build established: Commander-Construct 43536 | -4/Extension | First assault squad dispatched 43536 | -4/Extension | Spotted B-86 Titan 43541 | -4/Extension | Destroyed B-86 Titan 43547 | -4/Extension | Spotted B-86 Titan 43551 | -4/Extension | Destroyed B-86 Titan 43632 | -4/Extension | Rescued a captive Derelict 43633 | -4/Extension | Rescued a captive Derelict 43720 | -4/Extension | Rescued a captive Derelict 43739 | -4/Extension | High security lockdown imminent 43819 | -4/Extension | High security lockdown engaged 43876 | -4/Extension | Destroyed 15 combat bots 43894 | -4/Extension | Discovered exit to Research (range 18) 43896 | -4/Extension | Discovered new exit (range 14) 43905 | -4/Extension | Core integrity fell below 50% 43925 | -4/Extension | Identified exit to Cetus 43935 | -4/Extension | Destroyed 7 combat bots 43939 | -4/Extension | Entered Cetus 43939 | -4/Cetus | Accompanied by 5 allies (A7) 43944 | -4/Cetus | Acquired a Cetus Manufacturing Module code from A7 43945 | -4/Cetus | Lost 8 allies 43949 | -4/Cetus | Spotted Cetus Guard 43949 | -4/Cetus | Spotted Cetus Guard 43950 | -4/Cetus | Destroyed Cetus Guard 43952 | -4/Cetus | Spotted Cetus Guard 43953 | -4/Cetus | Destroyed A7 43953 | -4/Cetus | Spotted Cetus Guard 43954 | -4/Cetus | Destroyed Cetus Guard 43954 | -4/Cetus | Destroyed Cetus Guard 43955 | -4/Cetus | Destroyed Cetus Guard 43961 | -4/Cetus | Extracted ID and sensor layout for unrecognized location from A7's data core 44020 | -4/Cetus | Started Cetus Manufacturing Module 44045 | -4/Cetus | Manufactured an Enhanced Grunt 44063 | -4/Cetus | Discovered new exit (range 22) 44070 | -4/Cetus | Manufactured an Enhanced Grunt 44077 | -4/Cetus | Spotted Cetus Guard 44077 | -4/Cetus | Spotted Cetus Guard 44077 | -4/Cetus | Spotted Cetus Guard 44077 | -4/Cetus | Spotted Cetus Guard 44078 | -4/Cetus | Destroyed Cetus Guard 44079 | -4/Cetus | Destroyed Cetus Guard 44087 | -4/Cetus | Destroyed Cetus Guard 44089 | -4/Cetus | Destroyed Cetus Guard 44091 | -4/Cetus | Discovered exit to Research (range 22) 44095 | -4/Cetus | Manufactured an Enhanced Grunt 44097 | -4/Cetus | Met Revision 17 44119 | -4/Cetus | Identified exit to Archives 44120 | -4/Cetus | Manufactured an Enhanced Grunt 44145 | -4/Cetus | Manufactured an Enhanced Grunt 44189 | -4/Cetus | Entered Archives 44189 | -4/Archives | Accompanied by 9 allies 44218 | -4/Archives | Discovered new exit (range 23) 44224 | -4/Archives | Discovered exit to Research (range 18) 44245 | -4/Archives | Discovered new exit (range 21) 44961 | -4/Archives | Identified exit to Hub_04(d) 45048 | -4/Archives | Entered Hub_04(d) 45048 | -4/Hub_04(d) | Accompanied by 8 allies 45048 | -4/Hub_04(d) | Discovered exit to Research (range 10) 45117 | -4/Hub_04(d) | Network Hub disabled 45145 | -4/Hub_04(d) | Found Exp. EM Shield 45151 | -4/Hub_04(d) | Found Prototype Device 45151 | -4/Hub_04(d) | Identified Exp. Phase Shifter 45163 | -4/Hub_04(d) | Spotted Lightning 45174 | -4/Hub_04(d) | Destroyed Lightning 45177 | -4/Hub_04(d) | Spotted Lightning 45177 | -4/Hub_04(d) | Spotted Lightning 45177 | -4/Hub_04(d) | Spotted Lightning 45178 | -4/Hub_04(d) | Destroyed Lightning 45180 | -4/Hub_04(d) | Found Exp. EM Shield 45187 | -4/Hub_04(d) | Destroyed Lightning 45190 | -4/Hub_04(d) | Destroyed Lightning 45218 | -4/Hub_04(d) | Lost 3 allies 45225 | -4/Hub_04(d) | Found Exp. Targeting Computer 45293 | -4/Hub_04(d) | Discovered exit to Research (range 14) 45318 | -4/Hub_04(d) | Unchained authorized (V4-D3R) 45340 | -4/Hub_04(d) | Spotted B-86 Titan 45349 | -4/Hub_04(d) | Destroyed B-86 Titan 45370 | -4/Hub_04(d) | Destroyed 16 combat bots 45387 | -4/Hub_04(d) | Build established: Scavenger-Construct 45395 | -4/Hub_04(d) | Network Hub disabled 45435 | -4/Hub_04(d) | Spotted V4-D3R 45442 | -4/Hub_04(d) | Destroyed V4-D3R 45449 | -4/Hub_04(d) | Found Prototype Storage 45449 | -4/Hub_04(d) | Identified V4-D3R's Forcewell 45453 | -4/Hub_04(d) | Found Prototype Slashing Weapon 45453 | -4/Hub_04(d) | Identified V4-D3R's Sabre 45467 | -4/Hub_04(d) | High security lockdown imminent 45473 | -4/Hub_04(d) | Found Prototype Processor 45473 | -4/Hub_04(d) | Identified Exp. Melee Analysis Suite 45477 | -4/Hub_04(d) | Found Prototype Device 45477 | -4/Hub_04(d) | Identified Femtoactuators 45484 | -4/Hub_04(d) | Identified exit to Garrison 45484 | -4/Hub_04(d) | Entered Garrison 45506 | -4/Garrison | Destroyed 7 combat bots 45553 | -4/Garrison | Spotted B-86 Titan 45553 | -4/Garrison | Triggered checkpoint 45565 | -4/Garrison | Destroyed B-86 Titan 45594 | -4/Garrison | Triggered checkpoint 45595 | -4/Garrison | Triggered checkpoint 45628 | -4/Garrison | Destroyed 23 combat bots 45638 | -4/Garrison | Discovered exit to Research (range 16) 45694 | -4/Garrison | Garrison Relay disabled 45706 | -4/Garrison | Triggered checkpoint 45727 | -4/Garrison | Spotted Striker 45727 | -4/Garrison | Spotted Striker 45728 | -4/Garrison | Destroyed Striker 45731 | -4/Garrison | Destroyed Striker 45753 | -4/Garrison | Rewired Executioner 45757 | -4/Garrison | Rewired Executioner 45845 | -4/Garrison | Discovered exit to Research (range 13) 45858 | -4/Garrison | Garrison Relay disabled 45886 | -4/Garrison | Triggered checkpoint 45903 | -4/Garrison | Garrison Relay disabled 45914 | -4/Garrison | Expanded RIF knowledge: Coupler Efficiency 45970 | -4/Garrison | Triggered checkpoint 45995 | -4/Garrison | Found Exp. Core Analyzer 45999 | -4/Garrison | Found Prototype Device 45999 | -4/Garrison | Identified Adv. Kinecellerator 46001 | -4/Garrison | Found Exp. Targeting Computer 46037 | -4/Garrison | Discovered exit to Research (range 8) 46059 | -4/Garrison | Destroyed Executioner 46072 | -4/Garrison | Found Exp. Core Analyzer 46086 | -4/Garrison | Garrison Relay disabled 46103 | -4/Garrison | Entered Research 46103 | -3/Research | Evolved 2 slots: Power x1, Utility x1 46104 | -3/Research | Loaded intel: 70 trap records 46105 | -3/Research | Loaded intel: 141 machine locations 46141 | -3/Research | Identified Transdimensional Reconstructor 46163 | -3/Research | Fabricated Exp. Weapon Shielding (x1) 46187 | -3/Research | Found Quantum Capacitor 46282 | -3/Research | Discovered new exit (range 10) 46286 | -3/Research | Identified exit to Research 46303 | -3/Research | Revision forces began assault on 0b10 46323 | -3/Research | Fabricated Exp. Weapon Shielding? 46391 | -3/Research | High security lockdown imminent 46471 | -3/Research | High security lockdown engaged 46492 | -3/Research | Discovered exit to Research (range 15) 46536 | -3/Research | Extracted 0b10 system backdoors from CY-PHR data collection 46586 | -3/Research | Found Prototype Device 46586 | -3/Research | Identified Exp. Focal Shield 46594 | -3/Research | Destroyed 7 combat bots 46619 | -3/Research | Spotted Striker 46633 | -3/Research | Destroyed Striker 46652 | -3/Research | Met up with Revision 17++ 46684 | -3/Research | Destroyed 9 combat bots 46719 | -3/Research | Destroyed 7 combat bots 46722 | -3/Research | Spotted B-86 Titan 46725 | -3/Research | Destroyed B-86 Titan 46803 | -3/Research | Research terminal network offline 46867 | -3/Research | Spotted B-90 Cyclops 46868 | -3/Research | Destroyed B-90 Cyclops 46869 | -3/Research | Discovered new exit (range 23) 46878 | -3/Research | Identified exit to Quarantine 46887 | -3/Research | Build established: Bothacker-Construct 46889 | -3/Research | Destroyed 11 combat bots 46923 | -3/Research | Spotted Striker 46930 | -3/Research | Destroyed Striker 46994 | -3/Research | Spotted Investigator 46994 | -3/Research | Destroyed Investigator 47028 | -3/Research | Discovered exit to Research (range 9) 47105 | -3/Research | Spotted Executioner 47106 | -3/Research | Destroyed Executioner 47179 | -3/Research | Spotted Striker 47203 | -3/Research | Spotted Striker 47205 | -3/Research | Destroyed Striker 47212 | -3/Research | Spotted Striker 47213 | -3/Research | Spotted Investigator 47214 | -3/Research | Destroyed Investigator 47219 | -3/Research | Spotted Executioner 47221 | -3/Research | Destroyed Executioner 47225 | -3/Research | Destroyed Striker 47284 | -3/Research | Destroyed 23 combat bots 47289 | -3/Research | Spotted Executioner 47290 | -3/Research | Destroyed Executioner 47306 | -3/Research | Spotted Striker 47306 | -3/Research | Spotted Striker 47309 | -3/Research | Destroyed Striker 47315 | -3/Research | Destroyed Striker 47348 | -3/Research | Destroyed 18 combat bots 47399 | -3/Research | Spotted Investigator 47411 | -3/Research | Destroyed Investigator 47456 | -3/Research | Spotted Striker 47459 | -3/Research | Destroyed Striker 47466 | -3/Research | Spotted Striker 47473 | -3/Research | Spotted Striker 47474 | -3/Research | Destroyed Striker 47477 | -3/Research | Destroyed Striker 47516 | -3/Research | Sterilization system engaged 47516 | -3/Research | Non-combat units ordered to evacuate 47517 | -3/Research | Destroyed 17 combat bots 47550 | -3/Research | Found Prototype Device 47550 | -3/Research | Identified Exp. Shield Generator 47579 | -3/Research | Found Prototype Device 47579 | -3/Research | Identified Exp. Sensor Array 47612 | -3/Research | Build established: Bothacker-Assassin 47616 | -3/Research | Combat units ordered to evacuate 47669 | -3/Research | Found Prototype Hackware 47669 | -3/Research | Identified Exp. Hacking Suite 47816 | -3/Research | Ambient heat levels rising (+10) 47963 | -3/Research | Build established: Bothacker-Mutant 47966 | -3/Research | Ambient heat levels rising (+10) 47988 | -3/Research | Found Quantum Capacitor 48116 | -3/Research | Ambient heat levels rising (+10) 48266 | -3/Research | Ambient heat levels rising (+10) 48356 | -3/Research | Entered Quarantine 48484 | -3/Quarantine | Repaired Exp. Weapon Shielding 48538 | -3/Quarantine | Cryocooling Duct disabled 48553 | -3/Quarantine | Ambient heat levels rising (+20) 48553 | -3/Quarantine | Non-combat units ordered to evacuate 48581 | -3/Quarantine | Build established: Bothacker-Construct 48606 | -3/Quarantine | First assault squad dispatched 48703 | -3/Quarantine | Discovered exit to Research (range 18) 48816 | -3/Quarantine | Cryocooling Duct disabled 48831 | -3/Quarantine | Ambient heat levels rising (+20) 48831 | -3/Quarantine | Combat units ordered to evacuate 48931 | -3/Quarantine | Quarantine Guard activated 49045 | -3/Quarantine | Found Exp. Hacking Suite 49116 | -3/Quarantine | Spotted Quarantine Guard 49155 | -3/Quarantine | Destroyed Quarantine Guard 49204 | -3/Quarantine | Repaired Exp. Weapon Shielding 49239 | -3/Quarantine | Spotted Quarantine Guard 49243 | -3/Quarantine | Destroyed Quarantine Guard 49246 | -3/Quarantine | Spotted Quarantine Guard 49257 | -3/Quarantine | Destroyed Quarantine Guard 49287 | -3/Quarantine | Spotted Quarantine Guard 49292 | -3/Quarantine | Destroyed Quarantine Guard 49317 | -3/Quarantine | Found Alien Artifact 49317 | -3/Quarantine | Identified Phase Redirector 49365 | -3/Quarantine | Spotted Quarantine Guard 49369 | -3/Quarantine | Destroyed Quarantine Guard 49400 | -3/Quarantine | Found Alien Artifact 49400 | -3/Quarantine | Identified Phase Armor 49418 | -3/Quarantine | Spotted Quarantine Guard 49454 | -3/Quarantine | Spotted Quarantine Guard 49458 | -3/Quarantine | Destroyed Quarantine Guard 49498 | -3/Quarantine | Found Alien Artifact 49537 | -3/Quarantine | Spotted Quarantine Guard 49544 | -3/Quarantine | Destroyed Quarantine Guard 49571 | -3/Quarantine | Spotted Quarantine Guard 49574 | -3/Quarantine | Destroyed Quarantine Guard 49666 | -3/Quarantine | Destroyed Quarantine Guard 49678 | -3/Quarantine | Spotted Quarantine Guard 49682 | -3/Quarantine | Destroyed Quarantine Guard 49721 | -3/Quarantine | Spotted Quarantine Guard 49725 | -3/Quarantine | High security lockdown imminent 49725 | -3/Quarantine | Destroyed Quarantine Guard 49768 | -3/Quarantine | Learned Section 7 emergency access door positions 49805 | -3/Quarantine | High security lockdown engaged 49881 | -3/Quarantine | Destroyed 11 combat bots 49941 | -3/Quarantine | Destroyed Investigator 49993 | -3/Quarantine | Destroyed 14 combat bots 50168 | -3/Quarantine | Destroyed 22 combat bots 50291 | -3/Quarantine | Spotted Executioner 50291 | -3/Quarantine | Destroyed Executioner 50294 | -3/Quarantine | Spotted Striker 50301 | -3/Quarantine | Destroyed Striker 50311 | -3/Quarantine | Destroyed Executioner 50313 | -3/Quarantine | Spotted Executioner 50317 | -3/Quarantine | Destroyed Executioner 50338 | -3/Quarantine | Destroyed 13 combat bots 50531 | -3/Quarantine | Spotted Striker 50532 | -3/Quarantine | Spotted Executioner 50536 | -3/Quarantine | Destroyed Striker 50538 | -3/Quarantine | Destroyed Executioner 50546 | -3/Quarantine | Spotted Executioner 50548 | -3/Quarantine | Destroyed Executioner 50624 | -3/Quarantine | Destroyed 33 combat bots 50859 | -3/Quarantine | Sterilization system engaged 50859 | -3/Quarantine | Non-combat units ordered to evacuate 50863 | -3/Quarantine | Destroyed Investigator 50931 | -3/Quarantine | Spotted Striker 50931 | -3/Quarantine | Destroyed Striker 50952 | -3/Quarantine | Destroyed 33 combat bots 50959 | -3/Quarantine | Combat units ordered to evacuate 51007 | -3/Quarantine | Found Alien Slashing Weapon 51035 | -3/Quarantine | Entered Research 51035 | -2/Research | Evolved 2 slots: Utility x1, Weapon x1 51062 | -2/Research | Found Powered Armor 51063 | -2/Research | Found Powered Armor 51114 | -2/Research | Discovered new exit (range 16) 51128 | -2/Research | Identified exit to Testing 51158 | -2/Research | Spotted B-90 Cyclops 51262 | -2/Research | Destroyed B-90 Cyclops 51285 | -2/Research | First assault squad dispatched 51287 | -2/Research | High security lockdown imminent 51335 | -2/Research | Fabricated Exp. Weapon Shielding (x1) 51367 | -2/Research | High security lockdown engaged 51400 | -2/Research | Destroyed 11 combat bots 51453 | -2/Research | Build established: Hacker-Construct 51542 | -2/Research | Discovered new exit (range 12) 51787 | -2/Research | Destroyed Executioner 51817 | -2/Research | Spotted B-90 Cyclops 51842 | -2/Research | Destroyed B-90 Cyclops 51874 | -2/Research | Spotted Striker 51897 | -2/Research | Destroyed Striker 51953 | -2/Research | Destroyed 15 combat bots 51998 | -2/Research | Spotted Striker 52003 | -2/Research | Spotted Executioner 52005 | -2/Research | Spotted Executioner 52005 | -2/Research | Destroyed Executioner 52011 | -2/Research | Destroyed Executioner 52013 | -2/Research | Destroyed Striker 52098 | -2/Research | Destroyed 22 combat bots 52203 | -2/Research | Identified exit to Access 52222 | -2/Research | Identified Sigix Broadsword 52339 | -2/Research | Spotted B-90 Cyclops 52345 | -2/Research | Destroyed B-90 Cyclops 52419 | -2/Research | Destroyed 9 combat bots 52535 | -2/Research | Spotted Executioner 52554 | -2/Research | Spotted Executioner 52568 | -2/Research | Spotted Investigator 52574 | -2/Research | Spotted Striker 52574 | -2/Research | Destroyed Executioner 52589 | -2/Research | Spotted Executioner 52589 | -2/Research | Spotted Executioner 52613 | -2/Research | Destroyed Striker 52622 | -2/Research | Spotted Executioner 52626 | -2/Research | Destroyed Executioner 52628 | -2/Research | System corruption reached 10% 52632 | -2/Research | Lost 3 parts (3u) 52635 | -2/Research | Found Exp. Targeting Computer 52648 | -2/Research | Destroyed Executioner 52652 | -2/Research | Destroyed Executioner 52679 | -2/Research | Destroyed Investigator 52767 | -2/Research | Destroyed Executioner 52769 | -2/Research | Sterilization system engaged 52769 | -2/Research | Non-combat units ordered to evacuate 52772 | -2/Research | Spotted Striker 52774 | -2/Research | Found Adv. Kinecellerator 52782 | -2/Research | Spotted Executioner 52782 | -2/Research | Spotted Striker 52789 | -2/Research | Spotted Executioner 52792 | -2/Research | Warped through subspace 52805 | -2/Research | Destroyed 42 combat bots 52821 | -2/Research | Lost 9 parts (2n6u1w) 52834 | -2/Research | Found Prototype Launcher 52834 | -2/Research | Identified Containment Facilitator 52843 | -2/Research | Found Adv. Kinecellerator 52869 | -2/Research | Combat units ordered to evacuate 52956 | -2/Research | Destroyed 9 combat bots 53029 | -2/Research | Build established: Hacker-Mutant 53069 | -2/Research | Ambient heat levels rising (+10) 53132 | -2/Research | Found Prototype Launcher 53132 | -2/Research | Identified Mni. Smartbomb Launcher 53219 | -2/Research | Ambient heat levels rising (+10) 53262 | -2/Research | Found Exp. Core Analyzer 53292 | -2/Research | Discovered exit to Access (range 17) 53369 | -2/Research | Ambient heat levels rising (+10) 53519 | -2/Research | Ambient heat levels rising (+10) 53659 | -2/Research | Discovered exit to Testing (range 8) 53669 | -2/Research | Ambient heat levels rising (+10) 53819 | -2/Research | Ambient heat levels rising (+10) 53839 | -2/Research | Found Prototype Protection 53969 | -2/Research | Ambient heat levels rising (+10) 54119 | -2/Research | Ambient heat levels rising (+10) 54269 | -2/Research | Ambient heat levels rising (+10) 54419 | -2/Research | Ambient heat levels rising (+10) 54569 | -2/Research | Ambient heat levels rising (+10) 54719 | -2/Research | Ambient heat levels rising (+10) 54858 | -2/Research | Build established: Hacker-Construct 54869 | -2/Research | Ambient heat levels rising (+10) 55013 | -2/Research | Found Exp. Shield Generator 55019 | -2/Research | Ambient heat levels rising (+10) 55040 | -2/Research | Entered Testing 55160 | -2/Testing | Found Prototype Ballistic Cannon 55160 | -2/Testing | Identified Perforator 55189 | -2/Testing | Found Prototype Hackware 55189 | -2/Testing | Identified Ghost Barrier 55232 | -2/Testing | Protovariant out of control (PD-MIADQRCHOY) 55232 | -2/Testing | Unleashed a protovariant (PD-MIADQRCHOY) 55290 | -2/Testing | First assault squad dispatched 55370 | -2/Testing | Identified Centrium Heavy Armor Plating 55553 | -2/Testing | High security lockdown imminent 55633 | -2/Testing | High security lockdown engaged 55796 | -2/Testing | Destroyed 21 combat bots 55926 | -2/Testing | Destroyed 14 combat bots 55934 | -2/Testing | Build established: Construct 55981 | -2/Testing | Spotted Investigator 55981 | -2/Testing | Destroyed Investigator 56001 | -2/Testing | Spotted Striker 56011 | -2/Testing | Destroyed Striker 56038 | -2/Testing | Destroyed 18 combat bots 56166 | -2/Testing | Scanned by Researcher 56167 | -2/Testing | Destroyed Investigator 56197 | -2/Testing | Spotted Striker 56201 | -2/Testing | Destroyed Executioner 56207 | -2/Testing | Destroyed Striker 56249 | -2/Testing | Destroyed 28 combat bots 56290 | -2/Testing | Spotted Executioner 56301 | -2/Testing | Destroyed Executioner 56331 | -2/Testing | Destroyed 11 combat bots 56414 | -2/Testing | Spotted Striker 56414 | -2/Testing | Destroyed Striker 56427 | -2/Testing | Spotted Executioner 56429 | -2/Testing | Destroyed Executioner 56431 | -2/Testing | Spotted Executioner 56431 | -2/Testing | Spotted Executioner 56436 | -2/Testing | Spotted Striker 56436 | -2/Testing | Spotted Executioner 56436 | -2/Testing | Spotted Executioner 56444 | -2/Testing | Destroyed Executioner 56444 | -2/Testing | Destroyed Executioner 56449 | -2/Testing | Core integrity fell below 50% 56456 | -2/Testing | System corruption reached 30% 56456 | -2/Testing | Initialized slip node 56456 | -2/Testing | Spotted Striker 56456 | -2/Testing | Spotted Alpha 7 56456 | -2/Testing | Spotted Striker 56457 | -2/Testing | Spotted Striker 56473 | -2/Testing | Spotted Investigator 56477 | -2/Testing | Destroyed 14 combat bots 56485 | -2/Testing | Destroyed Investigator 56495 | -2/Testing | Found Containment Facilitator 56531 | -2/Testing | Lost 15 parts (3p1n6u5w) 56541 | -2/Testing | Core integrity fell below 20% 56557 | -2/Testing | Destroyed Striker 56561 | -2/Testing | Destroyed by B-74 Champion with Powered Hammer Last Messages --------------- destroyed. 56547_ Treaded Combat-Gravjet Exoskeleton core remains intact and functional. 56548_ Striker knocked back. 56552_ Arm. Scrap Engine destroyed. 56552_ Scrap Engine core remains intact and functional. 56553_ M-36 Artificer repairs Striker. 56553_ Slug penetrates Striker. 56554_ Striker knocked back. 56554_ M-36 Artificer repairs P-80 Master. 56556_ Relay Coupler [NC] destroyed. 56556_ System corrupted by crushing effect (+1). 56556_ Destroyed Unknown Device. 56556_ Striker system corrupted by crushing effect. 56557_ Striker system terminally corrupted. 56557_ Graphene Brace destroyed. 56557_ Penetrated by Slug. 56559_ Acquired 15 matter. Map ----- +----------------------------------------------------+ | / ####??????????????????????? | | % #? ######### ####??????????????????????? | | % #?###########+###?????????????????????????? | | ## #?######## ?????????????????????????? | | ##??#?######## """ ?????????????????????????? | | = #???????????# """ ?????????????????????????? | | ########?????????????????????????????????????? | | * ########?????????????????????????????????????? | | %! ########?????????????????????????????????????? | | =[|"########?????????????????????????????????????? | | =* %![[ +????????????????????????????????? | | %*!""## ####?????????????????????????????????????? | | !%! # # ################?????????????????????????? | | [!|"### ### """ """ #?????????????????????????? | | [*=!= # ### ! """ """ #?????????????????????????? | | != %==# ### """ """ #### """"""???????????????? | | "[ # ### #### """"""???????????????? | | ! # ### #### ???????????????? | | / * # #########+#############+######???????????? | | " ???????????? | | "" / ??????????? | | "" " ??????????? | | # ??????????? | | ! ""##/#############l##########??????????????? | | " ]!!! ###### 7K ####????????????????? | | " ! "" ###### E @ ;###????????????????? | | "T"" # """ +%" + b ####????????????????? | | ####### T" ###### p ####????????????????? | | ####### """ ###### ####????????????????? | | ####### "" ###### ####????????????????? | | ####### ###### ####????????????????? | | ???#### % ###### ####????????????????? | | ####### ###### ####????????????????? | | #################################????????????????? | | ######### ############# #########????????????????? | | #########"############# #########????????????????? | | """""" ######"#########????????????????? | | ""S""" ####"# #"####??????????????????? | | """ #####"" "#####??????????????????? | | """"""" ####" "####??????????????????? | | """"""" ####""" #####?????????????????? | | """"""" ####" #####?????????????????? | | #### #####?????????????????? | | ##########+#+#############+#####?????????????????? | | ########## ####?????????????????? | | ########## #####????????????????? | | ########## #####????????????????? | | ########## #####????????????????? | | # # ######+########????????????????? | | # # ##### ####????????????????? | +----------------------------------------------------+ Best States ------------- Heat Dissipation 159 Coolant Potential 120 Energy Generation 80 Energy Capacity 999 Matter Stores 300 Matter Capacity 300 Sight Range 23 Robot Scan Range 20 Terrain Scan Density 10 ECM Strength 3 Jamming Range 16 Cloak Strength 3 Armor Coverage 1200 Resistance: KI 40 Resistance: TH 50 Resistance: EM 75 Propulsion Shielding 33 Weapon Shielding 100 Projectile Deflection 50 Phase Shifting 20 Evasion (%) 71 Targeting Accuracy 12 Launcher Accuracy 30 Core Analysis 8 Armor Integrity Analysis 40 Recoil Reduction 5 Kinecelleration 50 Offensive Hacking 28 Defensive Hacking 20 Relay Coupler Types 2 Relay Coupler Value 44 Authchip Count 6 Trap Extractor Capacity 6 Item Schematics ----------------- Hcp. Storage Unit | -9/Recycling | Hacked Flak Gun | -7/Factory | Scanalyzed System Restoration Module | -7/Factory | Scanalyzed Coolant Injector | -7/Factory | Scanalyzed Multitool | -7/Factory | Scanalyzed Imp. Medium Armor Plating | -7/Factory | Scanalyzed Mak. Weapon Shielding | -6/Proximity Caves | Extrapolated Electrostorm Shotgun | -6/Proximity Caves | Extrapolated Deep Structural Scanner | -6/Factory | Extrapolated Mak. Terrain Scan Processor | -6/Factory | Extrapolated Mak. Shrapnel Gun | -6/Factory | Extrapolated Mak. Hacking Suite | -6/Factory | Extrapolated Energy Deflector | -6/Factory | Extrapolated Mak. Coolant Network | -6/Factory | Extrapolated Beamcaster | -6/Factory | Extrapolated Humpback | -6/Factory | Extrapolated Mak. Terrain Scanner | -6/Factory | Extrapolated Lrn. Sensor Array | -6/Factory | Hacked Mak. System Shield | -6/Waste | Extrapolated Mak. Medium Armor Plating | -6/Waste | Extrapolated Mak. Ablative Armor | -6/Waste | Extrapolated Hvy. Beamcaster | -6/Waste | Extrapolated Hvy. Battle Rifle | -6/Waste | Extrapolated Gamma Bomb Array | -6/Factory | Scanalyzed Exp. Cooling System | -6/Factory | Scanalyzed Machine Rigger | -6/Factory | Extrapolated Exp. Coolant Injector | -6/Factory | Scanalyzed Med. Reactive Plating | -6/Factory | Scanalyzed Imp. Heavy Siege Treads | -6/Factory | Scanalyzed Mak. Propulsion Shielding | -6/Factory | Extrapolated Mak. Laser | -6/Factory | Extrapolated Mak. Spear | -6/Factory | Extrapolated 0b10 Decoder Chip [Generic] | -6/Factory | Extrapolated 0b10 Decoder Chip [Scout] | -6/Factory | Extrapolated 0b10 Decoder Chip [Skirmisher] | -6/Factory | Extrapolated Mak. Core Shielding | -6/Factory | Extrapolated Mak. Kinetic Plating | -6/Factory | Extrapolated Mak. Heavy Armor Plating | -6/Factory | Extrapolated Mak. Hover Unit | -6/Factory | Extrapolated Weapon Mount | -6/Factory | Hacked Imp. Weapon Shielding | -6/Factory | Hacked Mak. Thermal Plating | -6/Factory | Extrapolated Mak. Salvage Targeting Computer | -6/Factory | Extrapolated Ripper | -6/Factory | Extrapolated Mak. Flight Unit | -6/Garrison | Extrapolated Bore Cannon | -6/Garrison | Extrapolated Mak. Sensor Array | -6/Factory | Extrapolated Imp. Arc Thrower | -5/Zhirov | Free Exp. Optical Array | -5/Zhirov | Free Exp. Heat Sink | -5/Zhirov | Free Assault Drone Bay | -5/Zhirov | Free Exp. Weapon Shielding | -4/Factory | Hacked Robot Schematics ------------------ M-13 Machinist | -10/Materials | Hacked Fabricated ------------ Adv. Matter Compressor | x1 | -7/Factory | Preloaded Imp. Linear Gravjet | x2 | -7/Factory | Preloaded Deep Structural Scanner | x1 | -6/Factory | Authchip Electrostorm Shotgun | x1 | -6/Factory | Authchip Electrostorm Shotgun | x1 | -6/Factory | Authchip Electrostorm Shotgun | x1 | -6/Factory | Authchip Multitool | x1 | -6/Factory | Authchip Lrn. Sensor Array | x2 | -6/Factory | Authchip Electrostorm Shotgun | x1 | -6/Factory | Authchip Electrostorm Shotgun | x1 | -4/Factory | Authchip Electrostorm Shotgun | x1 | -4/Factory | Authchip System Restoration Module | x2 | -4/Factory | Authchip System Restoration Module | x2 | -4/Factory | Authchip Exp. Weapon Shielding | x1 | -3/Research | Authchip Exp. Weapon Shielding | x1 | -3/Research Exp. Weapon Shielding | x1 | -2/Research Repaired ---------- Exp. Cooling System | 14% | -6/Factory | Broken Gamma Bomb Array | 70% | -6/Factory Adv. Force Field | 5% | -4/Factory Hcp. Storage Unit | 42% | -4/Factory Exp. Weapon Shielding | 18% | -3/Quarantine Exp. Weapon Shielding | 10% | -3/Quarantine Studied --------- Hvy. Flail | -7/Factory | Hacked Missile Launcher | -7/Factory | Hacked Lrn. Missile Launcher | -4/Factory | Hacked Alien Tech Used ----------------- Integrated Dissipator Phase Redirector Phase Armor Sigix Broadsword Transdimensional Reconstructor Dimensional Node Initializer Achievements -------------- Besieged Challenges ------------ None Game ------ Seed CarbideMomentumImpeller Manual? 1 Play Time 09:51:40 Cumulative 1099.0 hours Start 2026.09.15 @ 14:06:47 End 2026.09.16 @ 21:05:42 Sessions 7 Manual Loads 0 Difficulty Rogue Special Mode None Game No. 304 Rogue 304 Adventurer 0 Explorer 0 Win Type - Total 50 Types 15/11/12/2/2/0/4/1/1/2 Lore% 97 Gallery% 91 Achievement% 88 Wizard Run 0 Options --------- Layout 1 ASCII 0 Keyboard 0 Movement Mouse Keybinds 0 Fullscreen 2 Font 32/SmallcapsGlow Map View 50x35 Zoom Use 0% Tactical HUD 1 Map Filters NONE Filters NONE Steam 1 RUN: 4a13a361-fd19-4f3d-ba0f-7ce0db2dd46d